 Dungeon Crawl Stone Soup version 0.24.0-125-gc4c63601f3 (webtiles) character file.

Game seed: 3392194921938810030, levelgen mode: deterministic

11981602 1994 the Conqueror (level 27, 323/323 HPs)
             Began as a Demonspawn Necromancer on Mar 5, 2020.
             Was the Champion of Kikubaaqudgha.
             Escaped with the Orb
             ... and 15 runes on Mar 6, 2020!
             The game lasted 14:14:49 (137715 turns).

1994 the Conqueror (Demonspawn Necromancer)       Turns: 137715, Time: 14:14:50

Health: 323/323    AC: 45    Str: 20    XL:     27
Magic:  49/54      EV: 20    Int: 29    God:    Kikubaaqudgha [******]
Gold:   17115      SH: 19    Dex: 15    Spells: 3/80 levels left

rFire    + + +     SeeInvis +     - Unarmed
rCold    + + +     Gourm    .   I - +5 shield of Orphum {Str+8}
rNeg     + + +     Faith    .   z - +14 chain mail "Luc Heha" {rC++}
rPois    ∞         Spirit   +   Y - -2 hat of the Alchemist {rElec rPois rF+ rC+ rN+ MR+ rMut rCorr}
rElec    +         Reflect  .   l - +4 dragonskin cloak
rCorr    +         Harm     .   (gloves unavailable)
rMut     +         Clarity  +   a - +2 pair of boots of the Assassin {Detection Stab+ Stlth++}
MR       ++++.                  D - amulet of regeneration
Stlth    +.........             V - ring "Nanuphep" {rElec Int+4 Stlth-}
HPRegen  1.03/turn              Q - ring "Xiunosm" {rC+ Slay+3 SInv Stlth+}
MPRegen  0.68/turn

@: lich-form, repel missiles
A: claws 3, repulsion field 3, clarity, cold resistance 1, fire resistance 2,
ignite blood, poison resistance, robust 3, screaming 1, magic shield, magic
regeneration, magic link, flame cloud immunity
0: Orb of Zot
}: 15/15 runes: decaying, serpentine, slimy, silver, golden, iron, obsidian,
icy, bone, abyssal, demonic, glowing, magical, fiery, dark
a: End Transformation, Receive Corpses, Torment, Renounce Religion


You escaped.
You worshipped Kikubaaqudgha.
Kikubaaqudgha was exalted by your worship.
You were not hungry.
You were a lich.
You visited 18 branches of the dungeon, and saw 89 of its levels.
You visited Pandemonium 2 times, and saw 19 of its levels.
You visited the Abyss 4 times.
You also visited: Trove, Bailey, Ice Cave, Volcano and Desolation.

You collected 20107 gold pieces.
You spent 2992 gold pieces at shops.

Inventory:

Missiles
 s - 39 curare-tipped darts (quivered)
 P - 24 throwing nets
Armour
 a - the +2 pair of boots of the Assassin (worn) {Detection Stab+ Stlth++}
   (You found it in a treasure trove)

   It makes you much more stealthy.
 l - the +4 dragonskin cloak (worn)
   (You took it off Tiamat on level 4 of the Realm of Zot)
 z - the +14 chain mail "Luc Heha" (worn) {rC++}
   (You found it in Pandemonium)

   It greatly protects you from cold.
 I - the +5 shield of Orphum (worn) {Str+8}
   (You acquired it on level 2 of the Realm of Zot)

   It affects your strength (+8).
 Y - the -2 hat of the Alchemist (worn) {rElec rPois rF+ rC+ rN+ MR+ rMut rCorr}
   (You found it in a treasure trove)

   It protects you from fire.
   It protects you from cold.
   It insulates you from electricity.
   It protects you from poison.
   It protects you from negative energy.
   It affects your resistance to hostile enchantments.
   It provides partial protection from all sources of acid and corrosion.
   It protects you from mutation.
Magical Staves
 b - an uncursed staff of death
 F - an uncursed staff of wizardry
 N - an uncursed staff of energy
Jewellery
 r - the ring of Baili {+Blink rC+ AC+3 SInv}
   (You found it on level 5 of the Vaults)

   [ring of protection]

   It affects your AC (+3).
   It protects you from cold.
   It lets you see invisible.
   It lets you blink.
 A - the ring of Surprise {rPois rN+ MR+ Int+2}
   (You found it on level 2 of the Depths)

   [ring of protection from magic]

   It affects your intelligence (+2).
   It protects you from poison.
   It protects you from negative energy.
   It affects your resistance to hostile enchantments.
 D - an amulet of regeneration (around neck)
 Q - the ring "Xiunosm" (right claw) {rC+ Slay+3 SInv Stlth+}
   (You found it on level 7 of Tartarus)

   [ring of see invisible]

   It affects your accuracy and damage with ranged weapons and melee attacks
   (+3).
   It protects you from cold.
   It lets you see invisible.
   It makes you more stealthy.
 V - the ring "Nanuphep" (left claw) {rElec Int+4 Stlth-}
   (You found it on level 3 of the Vaults)

   [ring of attention]

   It affects your intelligence (+4).
   It insulates you from electricity.
   It makes you less stealthy.
 X - the ring of Voabliffe {rPois MP+9 Int+2 Stlth+}
   (You found it in Pandemonium)

   [ring of magical power]

   It affects your intelligence (+2).
   It protects you from poison.
   It affects your magic capacity (+9).
   It makes you more stealthy.
Wands
 m - a wand of acid (59)
 w - a wand of clouds (25)
 y - a wand of digging (13)
 E - a wand of iceblast (80)
 G - a wand of paralysis (45)
Scrolls
 f - 6 scrolls of silence
 i - 34 scrolls of teleportation
 j - 15 scrolls of fear
 o - 4 scrolls of summoning
 p - 38 scrolls of remove curse
 x - 5 scrolls of magic mapping
 H - 9 scrolls of fog
 J - 9 scrolls of amnesia
 L - 12 scrolls of immolation
 R - 16 scrolls of identify
 U - 8 scrolls of blinking
Potions
 d - 11 potions of heal wounds
 e - 37 potions of curing
 g - 7 potions of agility
 k - 4 potions of berserk rage
 n - 6 potions of might
 q - 14 potions of haste
 t - 13 potions of mutation
 v - 12 potions of flight
 B - 3 potions of ambrosia
 C - 12 potions of brilliance
 K - 9 potions of cancellation
 M - 4 potions of resistance
 S - 8 potions of invisibility
 W - 7 potions of magic
Miscellaneous
 u - a fan of gales
Comestibles
 c - 123 rations


   Skills:
 O Level 27 Fighting
 + Level 25.5 Armour
 - Level 13.2 Dodging
 - Level 1.7 Stealth
 - Level 15.0 Shields
 O Level 27 Unarmed Combat
 O Level 27 Spellcasting
 - Level 6.0 Conjurations
 - Level 20.0 Charms
 - Level 8.0 Summonings
 + Level 26.3 Necromancy
 - Level 20.0 Translocations
 - Level 16.5 Transmutations
 - Level 12.0 Earth Magic
 - Level 6.0 Evocations


You had 3 spell levels left.
You knew the following spells:

 Your Spells              Type           Power        Failure   Level  Hunger
a - Dispel Undead         Necr           ########     0%          5    N/A
b - Statue Form           Tmut/Erth      #######..    1%          6    N/A
c - Song of Slaying       Chrm           ########     0%          2    N/A
d - Regeneration          Chrm/Necr      ########..   0%          3    N/A
e - Apportation           Tloc           ######       0%          1    N/A
f - Sublimation of Blood  Necr           ########..   0%          2    N/A
g - Passwall              Tmut/Erth      #######.     0%          2    N/A
h - Borgnjor's Vile Clut  Necr/Erth      ########..   1%          5    N/A
i - Aura of Abjuration    Summ           ######....   1%          5    N/A
j - Blink                 Tloc           N/A          0%          2    N/A
k - Irradiate             Conj/Tmut      #######...   1%          5    N/A
l - Passage of Golubria   Tloc           N/A          0%          4    N/A
m - Lesser Beckoning      Tloc           ########..   0%          3    N/A
n - Necromutation         Tmut/Necr      ########..   1%          8    N/A
o - Controlled Blink      Tloc           N/A          3%          8    N/A
p - Death's Door          Chrm/Necr      ########..   1%          8    N/A
q - Borgnjor's Revivific  Necr           ########..   1%          8    N/A

Your spell library contained the following spells:

 Spells                   Type           Power        Failure   Level  Hunger
 Animate Skeleton         Necr           N/A          0%          1    N/A
 Beastly Appendage        Tmut           ######       0%          1    N/A
 Infusion                 Chrm           ####         0%          1    N/A
 Pain                     Necr           ####         0%          1    N/A
 Sandblast                Erth           ######       0%          1    N/A
 Corpse Rot               Necr           N/A          0%          2    N/A
 Shroud of Golubria       Chrm/Tloc      ######       0%          2    N/A
 Sticks to Snakes         Tmut           #######.     0%          2    N/A
 Gell's Gravitas          Tloc           ########..   0%          3    N/A
 Teleport Other           Tloc           ########     0%          3    N/A
 Vampiric Draining        Necr           ########..   0%          3    N/A
 Confusing Touch          Hex            #####.       1%          1    N/A
 Corona                   Hex            #####..      1%          1    N/A
 Flame Tongue             Conj/Fire      #####        1%          1    N/A
 Freeze                   Ice            ####         1%          1    N/A
 Magic Dart               Conj           ####         1%          1    N/A
 Shock                    Conj/Air       ####         1%          1    N/A
 Sting                    Conj/Pois      ####         1%          1    N/A
 Summon Butterflies       Summ           ######..     1%          1    N/A
 Summon Small Mammal      Summ           ####         1%          1    N/A
 Call Imp                 Summ           ######..     1%          2    N/A
 Searing Ray              Conj           ######       1%          2    N/A
 Swiftness                Chrm/Air       #######.     1%          2    N/A
 Throw Flame              Conj/Fire      ######       1%          2    N/A
 Throw Frost              Conj/Ice       ######       1%          2    N/A
 Call Canine Familiar     Summ           ######..     1%          3    N/A
 Conjure Flame            Conj/Fire      ######..     1%          3    N/A
 Dazzling Spray           Conj/Hex       ######       1%          3    N/A
 Ignite Poison            Fire/Tmut/Pois ######..     1%          3    N/A
 Ozocubu's Armour         Chrm/Ice       #######.     1%          3    N/A
 Portal Projectile        Hex/Tloc       ######       1%          3    N/A
 Recall                   Summ/Tloc      N/A          1%          3    N/A
 Spectral Weapon          Hex/Chrm       #######.     1%          3    N/A
 Spider Form              Tmut/Pois      ######....   1%          3    N/A
 Static Discharge         Conj/Air       ######..     1%          3    N/A
 Stone Arrow              Conj/Erth      ######       1%          3    N/A
 Summon Guardian Golem    Hex/Summ       ######..     1%          3    N/A
 Mephitic Cloud           Conj/Pois/Air  ######..     2%          3    N/A
 Ensorcelled Hibernation  Hex/Ice        #####.       3%          2    N/A
 Poisonous Vapours        Pois/Air       #####.       3%          2    N/A
 Slow                     Hex            #####...     3%          2    N/A
 Confuse                  Hex            #####...     6%          3    N/A
 Inner Flame              Hex/Fire       #####...     6%          3    N/A
 Tukima's Dance           Hex            #####...     6%          3    N/A
 Animate Dead             Necr           N/A          0%          4    N/A
 Agony                    Necr           ########     0%          5    N/A
 Excruciating Wounds      Chrm/Necr      ########..   0%          5    N/A
 Death Channel            Necr           ########..   0%          6    N/A
 Force Lance              Conj/Tloc      #######.     1%          4    N/A
 Ice Form                 Ice/Tmut       ######..     1%          4    N/A
 Iskenderun's Mystic Bla  Conj           ######..     1%          4    N/A
 Leda's Liquefaction      Hex/Erth       ######....   1%          4    N/A
 Petrify                  Tmut/Erth      #######.     1%          4    N/A
 Alistair's Intoxication  Tmut/Pois      ######..     1%          5    N/A
 Blade Hands              Tmut           #######...   1%          5    N/A
 Bolt of Draining         Conj/Necr      ########..   1%          5    N/A
 Iskenderun's Battlesphe  Conj/Chrm      #######.     1%          5    N/A
 Lee's Rapid Deconstruct  Erth           #######...   1%          5    N/A
 Summon Demon             Summ           ######....   1%          5    N/A
 Summon Forest            Summ/Tloc      #######...   1%          5    N/A
 Yara's Violent Unravell  Hex/Tmut       ######....   1%          5    N/A
 Dispersal                Tloc           ########..   1%          6    N/A
 Hydra Form               Tmut           #######...   1%          6    N/A
 Simulacrum               Ice/Necr       ########..   1%          6    N/A
 Dragon Form              Tmut           #######...   1%          7    N/A
 Haunt                    Necr/Summ      ########..   1%          7    N/A
 Infestation              Necr           ########..   1%          8    N/A
 Summon Ice Beast         Ice/Summ       ######..     3%          4    N/A
 Summon Lightning Spire   Summ/Air       ######..     3%          4    N/A
 Disjunction              Tloc           ########..   3%          8    N/A
 Bolt of Magma            Conj/Fire/Erth ######....   4%          5    N/A
 Deflect Missiles         Chrm/Air       #######...   4%          6    N/A
 Fulminant Prism          Conj/Hex       ######....   5%          4    N/A
 Sticky Flame             Conj/Fire      ######..     5%          4    N/A
 Throw Icicle             Conj/Ice       ######..     5%          4    N/A
 Malign Gateway           Summ/Tloc      #######...   5%          7    N/A
 Iron Shot                Conj/Erth      ######....   8%          6    N/A
 Summon Mana Viper        Hex/Summ       ######..     11%         5    N/A
 Shadow Creatures         Summ           N/A          11%         6    N/A
 Fireball                 Conj/Fire      ######....   16%         5    N/A
 Lightning Bolt           Conj/Air       ######....   16%         5    N/A
 Venom Bolt               Conj/Pois      ######....   16%         5    N/A
 Airstrike                Air            #####.....   19%         4    N/A
 Cause Fear               Hex            #####.....   19%         4    N/A
 Olgreb's Toxic Radiance  Pois           #####...     19%         4    N/A
 Ring of Flames           Chrm/Fire      #######...   26%         7    N/A
 Metabolic Englaciation   Hex/Ice        #####.....   47%         5    N/A
 Silence                  Hex/Air        #####.....   47%         5    N/A
 Monstrous Menagerie      Summ           ######....   52%         7    N/A
 Summon Greater Demon     Summ           ######....   52%         7    N/A
 Summon Hydra             Summ           ######....   52%         7    N/A
 Bolt of Cold             Conj/Ice       ######....   65%         6    N/A
 Bolt of Fire             Conj/Fire      ######....   65%         6    N/A
 Conjure Ball Lightning   Conj/Air       ######....   65%         6    N/A
 Spellforged Servitor     Conj/Summ      ######....   67%         7    N/A
 Freezing Cloud           Conj/Ice/Air   ######....   78%         6    N/A
 Orb of Destruction       Conj           ######....   80%         7    N/A
 Darkness                 Hex            #####.....   96%         6    N/A
 Ozocubu's Refrigeration  Ice            #####.....   96%         6    N/A
 Summon Horrible Things   Summ           ######....   99%         8    N/A
 Discord                  Hex            #####.....   100%        8    N/A
 Ignition                 Fire           #####.....   100%        8    N/A
 Dragon's Call            Summ           ######....   100%        9    N/A
 Shatter                  Erth           #######...   100%        9    N/A
 Tornado                  Air            #####.....   100%        9    N/A

Dungeon Overview and Level Annotations

Branches:
Dungeon (15/15)            Temple (1/1) D:7            Lair (6/6) D:11
  Swamp (4/4) Lair:4        Snake (4/4) Lair:4        Slime (5/5) Lair:5
    Orc (2/2) D:10            Elf (3/3) Orc:2        Vaults (5/5) D:14
  Crypt (3/3) Vaults:3       Tomb (3/3) Crypt:3      Depths (5/5) D:15
   Hell (visited)             Dis (7/7) Hell            Geh (7/7) Hell
    Coc (7/7) Hell            Tar (7/7) Hell            Zot (5/5) Depths:5
 Bailey (visited)           IceCv (visited)         Volcano (visited)
Desolation (visited)

Altars:
Ashenzari
Cheibriados
Dithmenos
Elyvilon
Fedhas
Gozag
Hepliaklqana
Kikubaaqudgha
Makhleb
Nemelex Xobeh
Okawaru
Qazlal
Ru
Sif Muna
Trog
Uskayaw
Vehumet
Wu Jian
Xom
Yredelemnul
Zin
The Shining One
Beogh

Shops:
D:14 [   Orc:2 ([}[   Elf:2 *   Elf:3 (([%}   Snake:1 [*:   Vaults:1 ?
Vaults:2 %   Vaults:3 [   Vaults:4 *   Depths:1 ([[

Portals:
Hell: Hell* Depths:1 Depths:2 Depths:3 Depths:4 Depths:5
Abyss: Depths:2 Depths:4 Depths:5
Pandemonium: Depths:3 Depths:4
Ziggurat: Depths:2

Annotations:
Depths:3 Boris
Depths:4 exclusion: upstairs
Depths:5 6 runed translucent doors, exclusions: door and upstairs
Tar:7 exclusions: door and 5 more exclusions


Innate Abilities, Weirdness & Mutations

You have claws for hands.
You are surrounded by a strong repulsion field. (EV +4, RMsl)
Your flesh is very heat resistant. (rF++)
Your demonic aura causes spilled blood to erupt in flames.
You are extremely robust. (+30% HP)
When hurt, damage is shared between your health and your magic reserves.
You regenerate magic rapidly.
When low on magic, you restore magic in place of health.
You are immune to clouds of flame.
You possess an exceptional clarity of mind.
Your flesh is cold resistant. (rC+)
Your system is resistant to poisons. (rPois)
You occasionally shout uncontrollably at your foes.


Message History

Unknown command.
You feel yourself come back to life.
You open the door.
There is an open door here.
There is a staircase leading out of the dungeon here.
You are now empty-clawed.
b - an uncursed staff of death (weapon)
Casting: Necromutation (safe; 1% risk of failure)
Confirm with . or Enter, or press ? or * to list all spells.
You feel a surge of power!
Your body is suffused with negative energy!
You are now empty-clawed.
Unknown command.
Unknown command.
Unknown command.
Unknown command.
Unknown command.
Unknown command.
Unknown command.
You have escaped!

############## ###########
#............. #.........#
#.############ #.#######.#### #.#
#.# #......# #.##
#####.#####.#.##.# #..#
..........#+####'####'##########
####.####.#...........#......).#
# ##.## #.######L#############.#
###...###......###...#.#######.##
#...#..Z.....###............##...
#.#...#####..##.....#.#.###.#####
.....## #.............# #.# #.
.....# #..##.....#.#.###.# #.
>....######..###....#.#.....# #.
#.#..#.......####.#.#.##.#.#####.
#.#...............#.#...###......


There were no monsters in sight!

Vanquished Creatures
  Cerebov (Pan)
  Antaeus (Coc:7)
  Asmodeus (Geh:7)
  the Royal Jelly (Slime:5)
  Gloorx Vloq (Pan)
  Ereshkigal (Tar:7)
  Ignacio (Pan)
  the Serpent of Hell (Dis:7)
  Lom Lobon (Pan)
  Dispater (Dis:7)
  9 ancient liches
  Tiamat (Zot:4)
  Mara (Snake:4)
  4 orbs of fire
  A juggernaut (Depths:5)
  Mennas (Pan)
  The ghost of Cyqimiab the Merfolkian Porcupine, a legendary MfGl of Ru (Zot:5)
  42 greater mummies
  Sojobo (Tomb:1)
  7 Killer Klowns
  8 shard shrikes
  Margery (Depths:5)
  Saint Roka (Snake:2)
  4 curse toes
  13 golden dragons
  Geryon (Hell)
  Nikola (Depths:1)
  Jory (Depths:3)
  12 doom hounds
  19 bone dragons
  44 Tzitzimimeh
  14 pandemonium lords
  The ghost of Laowesea the Spry, an adept MfSu of Ru (D:15)
  5 electric golems
  The ghost of Baysya the Slayer, an adept GrFE of Wu Jian (Crypt:2)
  9 iron giants
  19 Brimstone Fiends
  A shard shrike zombie (Crypt:1)
  24 tentacled monstrosities
  30 Ice Fiends
  17 Hell Sentinels
  3 hellephants
  28 Orb Guardians
  2 deep elf master archers (Elf:3)
  3 deep elf blademasters
  11 liches
  12 quicksilver dragons
  4 titans
  Murray (Hell)
  23 ancient champions
  22 acid blobs
  10 death cobs
  Gastronok (Lair:2)
  41 Executioners
  21 shadow dragons
  8 tentacled starspawn
  Kirke (Swamp:1)
  15 storm dragons
  8 tengu reavers
  9 sphinxes
  2 daevas
  Donald (Swamp:1)
  5 draconian monks
  11 azure jellies
  3 revenants
  18 fire giants
  11 nagarajas
  Roxanne (Snake:4)
  9 deep elf sorcerers
  The ghost of Foxy the Peltast, an adept GrFi of the Shining One (Swamp:2)
  13 frost giants
  54 balrugs
  10 iron dragons
  10 draconian knights
  3 draconian scorchers
  16 warmongers (Pan)
  2 angels
  16 cacodemons
  4 deep elf elementalists
  A ghost moth (Zot:5)
  15 blood saints (Pan)
  17 vault wardens
  An orc warlord (Orc:2)
  3 draconian stormcallers
  A spriggan defender (Depths:3)
  A caustic shrike skeleton (Crypt:2)
  9 draconian shifters
  An ophan (Abyss:3)
  6 curse skulls
  A ghoul (Crypt:2)
  16 ironheart preservers
  10 draconian annihilators
  27 war gargoyles
  18 stone giants
  5 elemental wellsprings
  3 entropy weavers
  6 bennus
  10 green draconians
  20 very ugly things
  15 vampire knights
  97 reapers
  15 black draconians
  23 black suns (Pan)
  23 corrupters
  A juggernaut skeleton (Crypt:1)
  11 white draconians
  11 deep elf demonologists
  4 deep elf annihilators
  16 lorocyprocas
  Azrael (Snake:2)
  2 halazid warlocks (Desolation)
  13 red draconians
  4 spark wasps
  18 ettins
  12 yellow draconians
  16 purple draconians
  4 eidola
  4 quicksilver dragon zombies
  6 deep elf death magi
  Josephine (Lair:5)
  7 crystal guardians
  11 death oozes
  8 fire dragons
  A merfolk javelineer (Depths:4)
  9 ragged hierophants (Desolation)
  30 green deaths
  A merfolk impaler (Depths:4)
  34 blizzard demons
  3 jiangshi
  Fannar (D:11)
  26 mummy priests
  13 yaktaur captains
  4 deep elf high priests
  13 servants of whispers (Desolation)
  11 rakshasas
  17 great orbs of eyes
  10 peacekeepers (Desolation)
  27 hydras
  A caustic shrike simulacrum (Depths:3)
  29 ice dragons
  A merfolk avatar (Abyss:3)
  37 vault guards
  Harold (D:11)
  2 kraken zombies (Coc:6)
  9 quicksilver dragon skeletons
  3 hell beasts
  14 monstrous demonspawn
  30 naga warriors
  4 catoblepae (D:15)
  3 spriggan air magi
  9 death knights
  14 ogre magi
  8 ghost crabs
  3 shambling mangroves
  3 death yaks (Depths:4)
  8 alligators
  5 anacondas
  13 centaur warriors
  31 dancing weapons
  15 hell hogs
  29 two-headed ogres
  12 deep troll shamans
  6 orc high priests (Orc:2)
  7 deep troll earth magi
  9 titan zombies
  57 death scarabs
  2 tengu warriors
  14 naga sharpshooters
  17 thrashing horrors
  3 spriggan berserkers
  6 vampire magi
  9 shock serpents
  84 sun demons
  107 soul eaters
  Sonja (Lair:2)
  Nergalle (D:11)
  11 storm dragon zombies
  27 deep elf knights
  8 iron golems
  12 titan skeletons
  14 wretched stars
  31 small abominations
  A fire crab (shapeshifter) (Depths:4)
  4 salamander mystics
  27 shadow demons
  30 shadow wraiths
  194 skeletal warriors
  3 spatial maelstroms
  7 storm dragon skeletons
  12 anaconda zombies
  3 ghost moth zombies
  18 torturous demonspawn (Pan)
  18 flayed ghosts
  39 sixfirhies
  21 iron trolls
  A spriggan druid (Swamp:3)
  30 gelid demonspawn
  6 glowing orange brains
  A cherub (Pan)
  40 deep trolls
  105 large abominations
  10 unseen horrors
  2 death drakes (Tar:7)
  A glowing orange brain (shapeshifter) (Vaults:5)
  62 hell knights
  6 golden dragon zombies
  2 kraken simulacra
  11 swamp dragons
  18 infernal demonspawn (Pan)
  8 naga ritualists
  18 ironbrand convokers
  10 wizards
  18 phantasmal warriors
  6 wolf spider zombies
  15 deep elf archers
  52 starcursed masses
  2 lindwurms (Lair:6)
  7 golden dragon skeletons
  21 orc knights
  3 anaconda skeletons
  8 harpies (Vaults:4)
  17 necromancers
  The ghost of Divind the Slasher, a novice FoCK of Xom (D:5)
  5 shadow dragon zombies
  5 wolf spiders
  7 mana vipers
  9 frost giant zombies
  7 orc sorcerers
  6 shining eyes
  A wolf spider (shapeshifter) (Vaults:4)
  A faun (shapeshifter) (Depths:5)
  5 shadow dragon skeletons
  14 fire giant zombies
  A tengu skeleton (Vaults:3)
  6 iron dragon zombies
  74 deep elf magi
  A shock serpent zombie (Dis:5)
  38 ugly things
  An oklob plant (Lair:3)
  18 salamanders
  10 guardian serpents
  A cyclops (shapeshifter) (Depths:3)
  A manticore (D:12)
  4 fire giant skeletons
  An apocalypse crab (Abyss:3)
  3 worldbinders
  7 stone giant zombies
  7 cyclopes
  32 moths of wrath
  3 eyes of devastation
  5 stone giant skeletons
  8 elephants
  A black mamba (shapeshifter) (Abyss:2)
  31 rust devils
  84 smoke demons
  14 vault sentinels
  5 iron dragon skeletons
  7 dire elephant zombies
  An elephant (shapeshifter) (Depths:1)
  20 naga magi
  3 ice statues
  2 frost giant skeletons
  5 torpor snails (Lair:6)
  2 gargoyles
  41 orange demons
  11 spiny frogs
  29 black mambas
  11 molten gargoyles
  47 hellions
  7 dire elephant skeletons
  2 catoblepas zombies
  A spiny frog (shapeshifter) (Vaults:4)
  An emperor scorpion zombie (Hell)
  A minotaur zombie (Crypt:2)
  A yaktaur (shapeshifter) (Vaults:5)
  3 kobold demonologists
  60 tormentors
  6 komodo dragons
  37 yaktaurs
  15 efreet
  A white draconian skeleton (Pan)
  41 guardian mummies
  2 tengu conjurers
  A catoblepas skeleton (Crypt:3)
  11 rime drakes
  47 demonic crawlers
  40 freezing wraiths
  80 red devils
  54 ice devils
  45 hellwings
  12 trolls
  20 hydra zombies
  4 harpy zombies
  18 polar bears
  16 ancient zymes
  3 silent spectres
  An iron troll skeleton (Crypt:1)
  77 saltlings (Desolation)
  10 hydra skeletons
  2 jumping spiders
  24 hornets
  13 ice dragon zombies
  156 slime creatures
  30 raiju
  12 blink frogs
  9 tyrant leeches
  An iron dragon simulacrum (Coc:7)
  2 frost giant simulacra
  3 harpy skeletons
  9 alligator zombies
  6 fire dragon zombies
  5 hippogriffs
  5 bog bodies
  10 ettin zombies
  4 black mamba zombies
  6 alligator skeletons
  36 shadows
  An air elemental (Elf:2)
  A centaur simulacrum (D:14)
  6 spriggans
  11 ettin skeletons
  207 flying skulls
  52 ynoxinuls
  9 redbacks
  15 ushabtiu
  37 wraiths
  2 wyverns
  A wind drake zombie (Crypt:1)
  30 yaks
  3 black mamba skeletons
  5 fire dragon skeletons
  6 ice dragon skeletons
  32 water elementals
  28 fire elementals
  4 hogs
  Grum (D:11)
  3 basilisks
  35 chaos spawn
  26 humans
  12 vampire mosquitoes
  25 neqoxecs
  8 hungry ghosts
  2 wind drake skeletons (Crypt:1)
  70 nagas
  A naga (shapeshifter) (Depths:3)
  A monstrous demonspawn zombie (Crypt:2)
  26 insubstantial wisps
  9 wargs
  7 acid dragons
  5 spatial vortices
  A swamp worm (shapeshifter) (Vaults:5)
  14 swamp worms
  5 water moccasins
  A torturous demonspawn skeleton (Tomb:3)
  13 spiny frog zombies
  A water nymph skeleton (Crypt:2)
  16 swamp drakes
  5 porcupines
  70 hell hounds
  3 hydra simulacra
  2 sky beasts
  A deep troll skeleton (Vaults:3)
  76 orc warriors
  3 spiny frog skeletons
  12 ice beasts
  6 eyes of draining
  35 ogres
  7 phantoms
  9 black bears
  An alligator simulacrum (Coc:2)
  An eye of draining (shapeshifter) (Vaults:1)
  29 necrophages
  A manticore zombie (Coc:6)
  10 snapping turtle skeletons
  25 centaurs
  7 snapping turtle zombies
  A swamp dragon skeleton (Tar:3)
  21 boggarts
  2 swamp dragon zombies
  11 human skeletons
  2 manticore skeletons
  An elf skeleton (Vaults:3)
  26 wolves
  11 crocodiles
  3 elf zombies
  7 big kobolds
  17 bullfrogs
  A bullfrog (shapeshifter) (Elf:2)
  A rime drake skeleton (Crypt:2)
  A hippogriff skeleton (Crypt:2)
  An ogre simulacrum (Vaults:1)
  2 earth elementals
  2 spiny frog simulacra
  2 wyvern skeletons
  A scorpion (D:5)
  2 water moccasin skeletons
  2 spriggan zombies
  An elf simulacrum (Vaults:1)
  23 killer bees
  A troll skeleton (Tar:7)
  An electric eel (Lair:3)
  59 wights
  6 howler monkeys
  22 crimson imps
  9 hounds
  4 bullfrog zombies
  2 centaur zombies
  2 quasits
  A human zombie (Geh:6)
  6 jellies
  6 centaur skeletons
  45 orc priests
  56 iron imps
  4 bullfrog skeletons
  A gnoll shaman (D:9)
  Natasha (thrice) (D:2)
  5 iguanas
  38 orc wizards
  10 worker ants
  A killer bee zombie (D:10)
  3 naga zombies
  4 ogre zombies
  A naga skeleton (Pan)
  A hound skeleton (D:7)
  A worker ant zombie (D:6)
  55 mummies
  8 gnolls
  7 adders
  19 shadow imps
  26 white imps
  3 ufetubi (Abyss:1)
  An iguana zombie (Crypt:2)
  An adder skeleton (D:6)
  2 adder zombies
  A worm (D:3)
  4 dart slugs
  5 leopard geckos
  A leopard gecko (shapeshifter) (Vaults:1)
  138 orcs
  4 giant cockroaches
  10 goblins
  11 hobgoblins
  12 jackals
  5 quokkas
  3 ball pythons
  7 bats
  8 frilled lizards
  A jackal skeleton (D:6)
  21 kobolds
  A kobold zombie (Hell)
  An orc skeleton (Tar:5)
  An orc zombie (Crypt:2)
  A quokka skeleton (Crypt:1)
  A quokka zombie (Crypt:2)
  6 rats
  A crawling corpse (Elf:3)
  A demonic plant (Pan)
  2 fire vortices (Geh:2)
  3 fungi
  17 pillars of salt (Vaults:3)
  7 plants
  9 starspawn tentacles
  6 tentacles
6402 creatures vanquished.

Vanquished Creatures (collateral kills)
  Jorgrun (Swamp:3)
  A stone giant (Depths:1)
  A deep elf demonologist (Elf:3)
  3 hydras
  A catoblepas (Lair:3)
  A naga warrior (Snake:4)
  A deep troll shaman (Depths:2)
  A two-headed ogre (D:8)
  5 naga sharpshooters (Snake:4)
  A wizard (Depths:1)
  A naga ritualist (Snake:3)
  A swamp dragon (Swamp:1)
  A mana viper (Snake:3)
  2 elephants (Lair:6)
  A black mamba (Snake:2)
  2 spiny frogs (Swamp:1)
  2 yaktaurs (Depths:2)
  3 polar bears
  A hornet (Swamp:1)
  2 blink frogs (Swamp:4)
  A bog body (Swamp:1)
  3 hippogriffs
  A shadow (Swamp:1)
  A spriggan (Swamp:1)
  A human (Swamp:1)
  6 yaks
  2 hogs (Swamp:1)
  3 vampire mosquitoes
  6 insubstantial wisps (Swamp:1)
  A swamp worm (Swamp:1)
  9 nagas
  A water moccasin (Lair:1)
  A porcupine (Lair:2)
  2 orc warriors (Bailey)
  4 wolves
  An ogre (Snake:2)
  A crocodile (Lair:3)
  A big kobold (D:10)
  A bullfrog (D:10)
  A scorpion (D:4)
  A howler monkey (D:6)
  A bullfrog zombie (D:9)
  3 adders
  A leopard gecko (D:6)
  An orc (D:2)
  2 bats
  A giant cockroach (D:2)
  A hobgoblin (D:2)
  A jackal (D:4)
  3 kobolds (D:10)
  5 fungi
  3 plants
102 creatures vanquished.

Vanquished Creatures (others)
  8 eldritch tentacles
  A blood saint (Pan)
  A blizzard demon (Pan)
  A yaktaur captain (Depths:5)
  2 hell hogs
  A dancing weapon (Vaults:5)
  A naga sharpshooter (Snake:4)
  A deep elf knight (Vaults:4)
  2 soul eaters (Pan)
  A large abomination (Pan)
  A skeletal warrior (Coc:7)
  A sixfirhy (Hell)
  2 shadow wraiths (Hell)
  A wizard (Pan)
  3 deep elf magi
  2 deep elf archers
  An orc knight (Vaults:4)
  An iron dragon skeleton (Coc:6)
  A centaur skeleton (D:15)
  2 smoke demons (Pan)
  A yaktaur (Vaults:5)
  A polar bear (IceCv)
  A raiju (Abyss:3)
  2 saltlings (Desolation)
  2 flying skulls
  A shadow (Tar:3)
  A water elemental (Depths:2)
  2 yaks (IceCv)
  A chaos spawn (Pan)
  A vampire mosquito (Swamp:1)
  A floating eye (Pan)
  A boggart (Vaults:3)
  4 wolves (IceCv)
  A centaur (Depths:2)
  A crimson imp (Geh:7)
  An iron imp (Dis:6)
  2 orc wizards
  A shadow imp (Tar:7)
  3 ball lightnings (Pan)
  A block of ice (Pan)
  A crawling corpse (Elf:3)
  A demonic plant (Pan)
  3 fungi
  A lurking horror (Abyss:3)
  5 plants
  15 starspawn tentacles
  13 tentacles
102 creatures vanquished.

Grand Total: 6606 creatures vanquished

Notes
Turn   | Place    | Note
-------+----------+-------------------------------------------
     0 | D:1      | 1994 the Demonspawn Necromancer began the quest for the
                  | Orb.
     0 | D:1      | Reached XP level 1. HP: 13/13 MP: 3/3
    35 | D:1      | Learned a level 1 spell: Animate Skeleton
   491 | D:1      | Gained mutation: You are surrounded by a mild repulsion
                  | field. (EV +2) [demonic ancestry]
   491 | D:1      | Reached XP level 2. HP: 19/20 MP: 1/5
   907 | D:1      | Reached skill level 1 in Fighting
   907 | D:1      | Reached skill level 5 in Necromancy
  1451 | D:1      | Reached XP level 3. HP: 25/26 MP: 3/6
  1633 | D:2      | Found a sacrificial altar of Ru.
  1634 | D:2      | Found a shimmering blue altar of Sif Muna.
  1634 | D:2      | Found a stormy altar of Qazlal.
  1670 | D:1      | Learned a level 3 spell: Vampiric Draining
  2052 | D:2      | Gained mutation: When hurt, damage is shared between your
                  | health and your magic reserves. [demonic ancestry]
  2052 | D:2      | Reached XP level 4. HP: 22/33 MP: 3/7
  2256 | D:2      | Found an iron altar of Okawaru.
  2702 | D:2      | Learned a level 3 spell: Regeneration
  2858 | D:2      | Gained mutation: Your flesh is heat resistant. (rF+)
                  | [demonic ancestry]
  2858 | D:2      | Reached XP level 5. HP: 16/38 MP: 0/9
  3613 | D:3      | Found a shimmering altar of Xom.
  3876 | D:3      | Noticed Natasha
  3923 | D:2      | Gained mutation: You have sharp fingernails. [demonic
                  | ancestry]
  3923 | D:2      | Reached XP level 6. HP: 37/46 MP: 8/10
  4022 | D:2      | Killed Natasha
  4127 | D:2      | Found an iron altar of Okawaru.
  4187 | D:2      | Found a sacrificial altar of Ru.
  4187 | D:2      | Noticed Natasha
  4199 | D:2      | Killed Natasha
  4214 | D:2      | Found a stormy altar of Qazlal.
  4215 | D:2      | Found a shimmering blue altar of Sif Muna.
  4440 | D:2      | Found a sacrificial altar of Ru.
  4441 | D:2      | Found a shimmering blue altar of Sif Muna.
  4442 | D:2      | Found a stormy altar of Qazlal.
  4510 | D:2      | Found an iron altar of Okawaru.
  4533 | D:2      | Noticed Natasha
  4556 | D:2      | Killed Natasha
  5158 | D:4      | Learned a level 4 spell: Animate Dead
  5306 | D:4      | Reached skill level 1 in Charms
  5306 | D:4      | Gained mutation: You are surrounded by a moderate repulsion
                  | field. (EV +3) [demonic ancestry]
  5306 | D:4      | Reached XP level 7. HP: 34/52 MP: 0/12
  5790 | D:5      | Entered Level 5 of the Dungeon
  5893 | D:5      | Found a basalt altar of Yredelemnul.
  5894 | D:5      | Found a hazy altar of Hepliaklqana.
  6070 | D:5      | Found a transporter.
  6072 | D:5      | Found a transporter.
  6072 | D:5      | Noticed a hornet
  6074 | D:5      | Noticed Divind's ghost (novice FoCK)
  7296 | D:5      | Gained mutation: You are immune to clouds of flame.
                  | [demonic ancestry]
  7296 | D:5      | Reached XP level 8. HP: 52/60 MP: 6/14
  8117 | D:5      | Reached skill level 5 in Spellcasting
  9023 | D:5      | Reached skill level 5 in Fighting
  9193 | D:6      | Reached XP level 9. HP: 40/68 MP: 7/18
 10419 | D:7      | Found a flagged portal.
 10485 | Bailey   | Entered a bailey
 11664 | Bailey   | Reached skill level 5 in Dodging
 12522 | Bailey   | Identified the +2 executioner's axe "Ceryv" {venom, Str+2}
 12535 | Bailey   | Noticed an orc knight
 12720 | Bailey   | Killed an orc knight
 12720 | Bailey   | Reached XP level 10. HP: 10/77 MP: 1/20
 13923 | D:7      | Found a staircase to the Ecumenical Temple.
 13930 | Temple   | Entered the Ecumenical Temple
 13962 | Temple   | Became a worshipper of Kikubaaqudgha
 14494 | D:8      | Noticed a two-headed ogre
 14518 | D:8      | Noticed a green ugly thing
 14537 | D:8      | Killed a green ugly thing
 15144 | D:8      | Reached skill level 1 in Shields
 15439 | D:8      | Killed a two-headed ogre
 15439 | D:8      | Reached skill level 1 in Unarmed Combat
 15439 | D:8      | Reached skill level 10 in Necromancy
 16170 | D:9      | Reached * piety under Kikubaaqudgha
 16170 | D:9      | Identified Kikubaaqudgha's Papyrus of Unholy Magic
                  | (Kikubaaqudgha gifted it to you on level 9 of the Dungeon)
 16170 | D:9      | Received a gift from Kikubaaqudgha
 16179 | D:9      | Learned a level 2 spell: Corpse Rot
 16182 | D:9      | Learned a level 2 spell: Sublimation of Blood
 16213 | D:9      | Found an opulent altar of Gozag.
 16322 | D:9      | Noticed a two-headed ogre
 17681 | D:9      | Gained mutation: You are surrounded by a strong repulsion
                  | field. (EV +4, RMsl) [demonic ancestry]
 17681 | D:9      | Reached XP level 11. HP: 74/90 MP: 11/23
 17955 | D:9      | Found an opulent altar of Gozag.
 18062 | D:9      | Reached ** piety under Kikubaaqudgha
 18094 | D:10     | Entered Level 10 of the Dungeon
 18132 | D:10     | Found a staircase to the Orcish Mines.
 18169 | D:10     | Found a roughly hewn altar of Beogh.
 18410 | D:8      | Killed a two-headed ogre
 18410 | D:8      | Reached skill level 10 in Fighting
 19140 | D:10     | Noticed a two-headed ogre
 19187 | D:10     | Killed a two-headed ogre
 19939 | D:10     | Reached *** piety under Kikubaaqudgha
 19939 | D:10     | Identified Kikubaaqudgha's Reference Book on Black Secrets
                  | (Kikubaaqudgha gifted it to you on level 10 of the Dungeon)
 19939 | D:10     | Received a gift from Kikubaaqudgha
 20238 | D:10     | Found a shadowy altar of Dithmenos.
 20257 | D:10     | Got a translucent ring mail
 20258 | D:10     | Identified the +4 ring mail "Ytuehu Curch" {rN+ Dex+4} (You
                  | found it on level 10 of the Dungeon)
 20305 | D:10     | Learned a level 5 spell: Borgnjor's Vile Clutch
 20341 | D:11     | Noticed a five-headed hydra
 20536 | D:10     | Killed a five-headed hydra
 20536 | D:10     | Reached skill level 1 in Earth Magic
 20691 | D:11     | Noticed Harold
 20717 | D:11     | Killed Harold
 20826 | D:11     | Found a frozen archway.
 20836 | D:11     | Noticed Grum
 20837 | IceCv    | Entered an ice cave
 21260 | IceCv    | Reached skill level 5 in Unarmed Combat
 21851 | IceCv    | Reached XP level 12. HP: 83/101 MP: 7/24
 22459 | IceCv    | Noticed a frost giant
 22475 | IceCv    | Killed a frost giant
 22967 | D:11     | Reached **** piety under Kikubaaqudgha
 23027 | D:11     | Learned a level 5 spell: Bolt of Draining
 23042 | D:11     | Noticed Nergalle
 23054 | D:11     | Killed Nergalle
 23253 | D:11     | Got a twisted hunting sling
 23254 | D:11     | Identified the +4 hunting sling of Exuefapt {venom, Int+2
                  | Dex+2} (You found it on level 11 of the Dungeon)
 23431 | D:11     | Reached skill level 5 in Earth Magic
 23437 | D:11     | Killed Grum
 23652 | D:11     | Found a staircase to the Lair.
 23698 | D:11     | Noticed Fannar
 23709 | D:11     | Killed Fannar
 24021 | D:5      | Killed Divind's ghost
 24397 | Lair:1   | Entered Level 1 of the Lair of Beasts
 24562 | Lair:1   | Got an ominously black robe
 24563 | Lair:1   | Identified the +4 robe of Disappointment {rC+ Int+4} (You
                  | found it on level 1 of the Lair of Beasts)
 24934 | Lair:1   | Reached XP level 13. HP: 96/111 MP: 18/26
 25559 | Lair:1   | Learned a level 2 spell: Blink
 25652 | Lair:2   | Noticed Sonja
 25661 | Lair:2   | Killed Sonja
 25740 | Lair:2   | Reached skill level 1 in Conjurations
 26006 | Lair:2   | Noticed Gastronok
 26099 | Lair:2   | Killed Gastronok
 26948 | Lair:3   | Reached skill level 1 in Translocations
 27214 | Lair:3   | You fall into a shaft and drop 1 floor!
 27999 | Lair:4   | Found a staircase to the Swamp.
 28290 | Lair:4   | Found a staircase to the Snake Pit.
 28295 | Lair:4   | Reached ***** piety under Kikubaaqudgha
 28887 | Lair:5   | Found a staircase to the Slime Pits.
 29120 | Lair:5   | Found a dark tunnel.
 29167 | Volcano  | Entered a volcano
 29191 | Volcano  | Reached skill level 1 in Armour
 29192 | Volcano  | Found a bloodstained altar of Trog.
 29228 | Volcano  | Gained mutation: You regenerate magic rapidly. [demonic
                  | ancestry]
 29228 | Volcano  | Reached XP level 14. HP: 107/119 MP: 17/27
 29617 | Lair:5   | Noticed Josephine
 29629 | Lair:5   | Killed Josephine
 30039 | Lair:6   | Entered Level 6 of the Lair of Beasts
 30287 | Lair:6   | Learned a level 5 spell: Dispel Undead
 30494 | Lair:6   | Reached skill level 10 in Spellcasting
 30682 | Lair:6   | Identified the +1 cloak "Zuhuts" {rC+ MR+} (You found it on
                  | level 6 of the Lair of Beasts)
 30866 | Lair:6   | Found a runed translucent door.
 30915 | Lair:6   | Reached skill level 10 in Unarmed Combat
 31485 | Orc:1    | Entered Level 1 of the Orcish Mines
 31933 | Orc:2    | Entered Level 2 of the Orcish Mines
 31935 | Orc:2    | Found a roughly hewn altar of Beogh.
 32205 | Orc:2    | Reached ****** piety under Kikubaaqudgha
 32629 | Orc:2    | Noticed an orc warlord
 32757 | Orc:2    | Killed an orc warlord
 32964 | Orc:2    | Gained mutation: You have very sharp fingernails. [demonic
                  | ancestry]
 32964 | Orc:2    | Reached XP level 15. HP: 88/125 MP: 17/29
 32998 | Orc:2    | Learned a level 6 spell: Statue Form
 33051 | Orc:2    | Reached skill level 5 in Conjurations
 33149 | Orc:2    | Reached skill level 1 in Transmutations
 33439 | Orc:2    | Found a staircase to the Elven Halls.
 33541 | Orc:2    | Found Gill's Armour Shop.
 33541 | Orc:2    | Found Egiq's Gadget Shop.
 33542 | Orc:2    | Found Duazxij's Antique Armour Boutique.
 33542 | Orc:2    | Found Woxzywesh's Antique Weapon Shop.
 34255 | D:12     | Found a portal to a secret trove of treasure.
 34835 | D:12     | Received a gift from Kikubaaqudgha
 36294 | D:14     | Found Pishrel's Antique Armour Boutique.
 36297 | D:14     | Bought a distressingly furry leather armour for 182 gold
                  | pieces
 36297 | D:14     | Identified the cursed +0 leather armour of the Forest
                  | {rElec} (You bought it in a shop on level 14 of the
                  | Dungeon)
 36920 | D:14     | Found a gate to the Vaults.
 37110 | D:14     | Reached skill level 5 in Transmutations
 37293 | D:15     | Entered Level 15 of the Dungeon
 37463 | D:15     | Noticed Laowesea's ghost (adept MfSu)
 37574 | D:15     | Found a transporter.
 37582 | D:15     | Found a transporter.
 37727 | D:15     | Found a staircase to the Depths.
 37952 | D:15     | Gained mutation: You have claws for hands. [demonic
                  | ancestry]
 37952 | D:15     | Reached XP level 16. HP: 81/132 MP: 14/31
 38672 | Swamp:1  | Entered Level 1 of the Swamp
 38691 | Swamp:1  | Noticed Donald
 38709 | Swamp:1  | Killed Donald
 38951 | Swamp:1  | Noticed Kirke
 38958 | Swamp:1  | Killed Kirke
 39870 | Swamp:2  | Found a large runed translucent door.
 39870 | Swamp:2  | Found a large runed translucent door.
 40146 | Swamp:2  | Noticed Foxy's ghost (adept GrFi)
 40421 | Swamp:2  | Killed Foxy's ghost
 40446 | Swamp:2  | Identified the Catalogue of Dusty Transmigration
 40456 | Swamp:2  | Got a bound ivory ring
 40457 | Swamp:2  | Identified the ring "Rudygroj" {rPois rF+} (You found it on
                  | level 2 of the Swamp)
 40821 | Swamp:3  | Noticed Jorgrun
 40837 | Swamp:3  | Killed Jorgrun
 41653 | Swamp:4  | Entered Level 4 of the Swamp
 42112 | Swamp:3  | Reached skill level 10 in Earth Magic
 42420 | Swamp:4  | Reached XP level 17. HP: 113/139 MP: 24/33
 42739 | Swamp:4  | Got a decaying rune of Zot
 43242 | Snake:1  | Entered Level 1 of the Snake Pit
 43748 | Snake:1  | Found Digreik's General Store.
 43750 | Snake:1  | Found Betuyxza's Book Emporium.
 43750 | Snake:1  | Found Detuma's Antique Armour Shoppe.
 43754 | Snake:1  | Found Erphirono's Food Emporium.
 43771 | Snake:1  | Bought a cursed amulet of inaccuracy for 34 gold pieces
 43772 | Snake:1  | Bought a scroll of teleportation for 51 gold pieces
 43772 | Snake:1  | Bought a potion of invisibility for 136 gold pieces
 43772 | Snake:1  | Bought a potion of curing for 51 gold pieces
 43772 | Snake:1  | Bought a scroll of magic mapping for 59 gold pieces
 44377 | Snake:2  | Noticed Azrael
 44392 | Snake:2  | Killed Azrael
 44503 | Snake:2  | Noticed Saint Roka
 44506 | Snake:2  | Reached skill level 10 in Transmutations
 44543 | Snake:2  | Killed Saint Roka
 45723 | Snake:4  | Entered Level 4 of the Snake Pit
 45751 | Snake:4  | Reached XP level 18. HP: 146/146 MP: 31/34
 45997 | Snake:4  | Reached skill level 15 in Unarmed Combat
 46112 | Snake:4  | Noticed Mara
 46116 | Snake:4  | Noticed 1994's illusion
 46123 | Snake:3  | Noticed 1994's illusion
 46127 | Snake:4  | Noticed 1994's illusion
 46128 | Snake:4  | Killed Mara
 46198 | Snake:4  | Noticed Roxanne
 46216 | Snake:4  | Killed Roxanne
 47465 | Snake:4  | Reached skill level 5 in Shields
 47627 | Snake:4  | Gained mutation: When low on magic, you restore magic in
                  | place of health. [demonic ancestry]
 47627 | Snake:4  | Reached XP level 19. HP: 91/152 MP: 17/36
 47634 | Snake:4  | Got a serpentine rune of Zot
 48265 | D:15     | Killed Laowesea's ghost
 48422 | D:15     | Got a smoking ivory amulet
 48425 | D:15     | Identified the amulet "Jelaps" {Acrobat rF++ Str-3 Stlth+}
                  | (You found it on level 15 of the Dungeon)
 48502 | D:14     | Bought a dyed leather armour for 130 gold pieces
 48523 | D:14     | Bought a heavy robe for 148 gold pieces
 48523 | D:14     | Identified the +2 robe "Waarix" {rN+} (You bought it in a
                  | shop on level 14 of the Dungeon)
 48888 | Snake:1  | Bought an ancient ring mail for 234 gold pieces
 48898 | Snake:1  | Identified the cursed +0 ring mail "Vunan" {+Blink Int+4}
                  | (You bought it in a shop on level 1 of the Snake Pit)
 48907 | Snake:1  | Bought a fine ring mail for 234 gold pieces
 48912 | Snake:1  | Identified the cursed +1 ring mail of Saiziot {rPois Str+6
                  | Dex+4 Slay-6} (You bought it in a shop on level 1 of the
                  | Snake Pit)
 48931 | Snake:1  | Bought a ration for 60 gold pieces
 48931 | Snake:1  | Bought a ration for 60 gold pieces
 48931 | Snake:1  | Bought a ration for 60 gold pieces
 48931 | Snake:1  | Bought a ration for 60 gold pieces
 48931 | Snake:1  | Bought a ration for 60 gold pieces
 48931 | Snake:1  | Bought a ration for 60 gold pieces
 48931 | Snake:1  | Bought a ration for 60 gold pieces
 48931 | Snake:1  | Bought a ration for 60 gold pieces
 48931 | Snake:1  | Bought a ration for 60 gold pieces
 48937 | Snake:1  | Bought a ration for 85 gold pieces
 49302 | Elf:1    | Entered Level 1 of the Elven Halls
 49596 | Elf:1    | Noticed a Tzitzimitl
 49643 | Elf:1    | Identified Asmodeus's Disquisition on the Entourage
 49652 | Elf:1    | Learned a level 2 spell: Passwall
 49658 | Elf:1    | Learned a level 5 spell: Irradiate
 50538 | Elf:2    | Found Pisatin's Assorted Antiques.
 50562 | Elf:2    | Bought a scroll labeled EMIOVI VUTRIMIES for 21 gold pieces
 50567 | Elf:2    | Bought a distressingly furry helmet for 199 gold pieces
 50567 | Elf:2    | Identified the +0 helmet of Udwila {MR+ rCorr} (You bought
                  | it in a shop on level 2 of the Elven Halls)
 50839 | Elf:2    | Found a huge runed translucent gate.
 50841 | Elf:2    | Found a huge runed translucent gate.
 50841 | Elf:2    | Found a huge runed translucent gate.
 50842 | Elf:2    | Found a huge runed translucent gate.
 50842 | Elf:2    | Found a huge runed translucent gate.
 51241 | Elf:3    | Entered Level 3 of the Elven Halls
 51414 | Elf:3    | Found Toerun's Gadget Shoppe.
 51491 | Elf:3    | Found Xugyhol's Food Boutique.
 51550 | Elf:3    | Found Xuankan's Armour Shoppe.
 51655 | Elf:3    | Found Pijulal's Antique Weapon Shoppe.
 51702 | Elf:3    | Found Weggam Ucoub's Weapon Boutique.
 51838 | Elf:3    | Found a runed translucent door.
 51968 | Elf:3    | Noticed a Tzitzimitl
 52007 | Elf:3    | Gained mutation: You are robust. (+10% HP) [demonic
                  | ancestry]
 52007 | Elf:3    | Reached XP level 20. HP: 102/174 MP: 23/38
 52245 | Elf:3    | Identified the ring "Anihatabb" {rPois MP+9 Str+4 Stlth-}
 52248 | Elf:3    | Identified the +8 morningstar "Pugg" {vamp, rC+}
 52391 | Elf:3    | Found the +7 pair of quick blades "Gyre" and "Gimble"
                  | {protect}
 52392 | Elf:3    | Found the +7 sceptre of Torment {pain, torment}
 52516 | Elf:3    | Identified the +0 quick blade "Datets" {flame, rPois rC+
                  | MR+ Str+2} (You found it on level 3 of the Elven Halls)
 52566 | Elf:3    | Identified Madibrua's Guide on the Birds and Unholy Rituals
 53165 | Vaults:1 | Entered Level 1 of the Vaults
 53425 | Vaults:1 | Reached skill level 10 in Shields
 53895 | Vaults:1 | Reached skill level 15 in Spellcasting
 54284 | Vaults:1 | Found Jeixt's Magic Scroll Emporium.
 54287 | Vaults:1 | Bought a scroll of blinking for 127 gold pieces
 54879 | Vaults:2 | Found Maxt's Food Shoppe.
 55705 | Vaults:3 | Found Mualize's Armour Shop.
 55719 | Vaults:3 | Found a ruined gateway.
 55768 | Desolati | Entered the Desolation of Salt
 55887 | Desolati | Reached XP level 21. HP: 182/182 MP: 33/40
 55980 | Desolati | Identified the cursed +2 eveningstar of Eternal Harmony
                  | {crush, rElec rC+ Dex-5}
 56063 | Desolati | Identified the Catalogue of the Unholy Traveller
 56071 | Desolati | Got a steaming brass amulet
 56074 | Desolati | Identified Conout's Disquisition on Displaced Intoxication
 56078 | Desolati | Got a coiled lapis lazuli ring
 56082 | Desolati | Identified the amulet "Vealal" {Spirit *Contam rElec Dex+6
                  | Slay-3} (You found it in the Desolation of Salt)
 56083 | Desolati | Identified the ring of Nenil {MR+ Stlth+} (You found it in
                  | the Desolation of Salt)
 56404 | Desolati | Identified the Volume of the Escort
 56411 | Desolati | Got a fine bronze ring
 56413 | Desolati | Identified the ring "Daderr" {+Blink rPois rC+ MR-} (You
                  | found it in the Desolation of Salt)
 57058 | Vaults:3 | Found a staircase to the Crypt.
 57345 | Vaults:3 | Reached skill level 15 in Fighting
 57390 | Vaults:3 | Got a flickering steel ring
 57657 | Vaults:3 | Learned a level 2 spell: Song of Slaying
 57973 | Vaults:3 | Reached XP level 22. HP: 192/192 MP: 39/42
 58345 | Vaults:3 | Identified the ring "Nanuphep" {rElec Int+4 Stlth-} (You
                  | found it on level 3 of the Vaults)
 59647 | Vaults:4 | Found Daschuc's General Store.
 59986 | Crypt:1  | Entered Level 1 of the Crypt
 60360 | Crypt:1  | Reached skill level 15 in Shields
 61360 | Crypt:2  | Gained mutation: You are very robust. (+20% HP) [demonic
                  | ancestry]
 61360 | Crypt:2  | Reached XP level 23. HP: 200/225 MP: 18/43
 61440 | Crypt:2  | Found a transporter.
 61448 | Crypt:2  | Noticed Baysya's ghost (adept GrFE)
 61451 | Crypt:2  | Found a transporter.
 61839 | Crypt:2  | Killed Baysya's ghost
 62244 | Crypt:3  | Entered Level 3 of the Crypt
 62673 | Crypt:3  | Got a scintillating tin ring
 62674 | Crypt:3  | Identified the ring "Librae" {Ice rElec rPois MP-9} (You
                  | found it on level 3 of the Crypt)
 62884 | Crypt:3  | Found a staircase to the Tomb.
 63185 | Crypt:3  | Found an ancient bone altar of Kikubaaqudgha.
 63185 | Crypt:3  | Noticed an ancient lich
 63189 | Crypt:3  | Killed an ancient lich
 63548 | Crypt:3  | Identified Atit's Grimoire of Evil Magic
 63858 | Depths:1 | Entered Level 1 of the Depths
 64003 | Depths:1 | Found Mur Ustoe's Armour Shop.
 64005 | Depths:1 | Found Hintenyosi's Antique Armour Boutique.
 64007 | Depths:1 | Found Wiessese's Weapon Shop.
 64117 | Depths:1 | Noticed Nikola
 64127 | Depths:1 | Killed Nikola
 64505 | Depths:1 | Learned a level 4 spell: Passage of Golubria
 64601 | Depths:1 | Found a gateway to Hell.
 64990 | Depths:2 | Found a one-way gate to the infinite horrors of the Abyss.
 65085 | Depths:2 | Learned a level 3 spell: Lesser Beckoning
 65144 | Depths:2 | Reached skill level 5 in Translocations
 65147 | Depths:2 | Gained mutation: You are extremely robust. (+30% HP)
                  | [demonic ancestry]
 65147 | Depths:2 | Reached XP level 24. HP: 104/262 MP: 17/43
 65331 | Depths:2 | Found a gateway to a ziggurat.
 65495 | Depths:2 | Gained mutation: You occasionally shout uncontrollably at
                  | your foes. [the power of Zot]
 65592 | Depths:2 | Identified the ring of Surprise {rPois rN+ MR+ Int+2} (You
                  | found it on level 2 of the Depths)
 65602 | Depths:2 | Identified Zintes's Catalogue of the Hurtful Arsonist
 66296 | Depths:3 | Noticed Jory
 66304 | Depths:3 | Killed Jory
 66348 | Depths:3 | Noticed Boris
 66719 | Depths:3 | Identified a scroll of acquirement
 66878 | Depths:3 | You fall into a shaft and drop 2 floors!
 66878 | Depths:5 | Entered Level 5 of the Depths
 67159 | Depths:4 | Reached skill level 5 in Armour
 67573 | Depths:4 | Identified the Volume of Companions
 67719 | Depths:4 | Gained mutation: Your spells are a little easier to cast,
                  | but a little less powerful. [a neqoxec]
 67726 | Depths:4 | Found a one-way gate leading to the halls of Pandemonium.
 67969 | D:14     | Lost mutation: You occasionally shout uncontrollably at
                  | your foes. [potion of mutation]
 67969 | D:14     | Lost mutation: Your spells are a little easier to cast, but
                  | a little less powerful. [potion of mutation]
 67969 | D:14     | Gained mutation: Your flesh is very heat resistant. (rF++)
                  | [potion of mutation]
 67969 | D:14     | Lost mutation: Your flesh is very heat resistant. (rF++)
                  | [potion of mutation]
 67969 | D:14     | Gained mutation: Your flesh is very heat resistant. (rF++)
                  | [potion of mutation]
 67969 | D:14     | Gained mutation: Your flesh is cold resistant. (rC+)
                  | [potion of mutation]
 68677 | Depths:3 | Got a smoking pewter ring
 68678 | Depths:3 | Identified the ring "Vaipi" {*Slow AC+2 Str+2 Dex+3} (You
                  | acquired it on level 3 of the Depths)
 69902 | Depths:5 | Gained mutation: Your demonic aura causes spilled blood to
                  | erupt in flames. [demonic ancestry]
 69902 | Depths:5 | Reached XP level 25. HP: 275/275 MP: 43/43
 70250 | Depths:5 | Noticed a juggernaut
 70260 | Depths:5 | Killed a juggernaut
 70336 | Depths:5 | Noticed Margery
 70355 | Depths:5 | Killed Margery
 70356 | Depths:5 | Reached skill level 15 in Necromancy
 70370 | Depths:5 | Found a runed translucent door.
 70382 | Depths:5 | Found a runed translucent door.
 70446 | Depths:5 | Found a runed translucent door.
 70446 | Depths:5 | Found a runed translucent door.
 70457 | Depths:5 | Found a runed translucent door.
 70457 | Depths:5 | Found a runed translucent door.
 70601 | Depths:5 | Found a gate to the Realm of Zot.
 70862 | Depths:5 | Learned a level 8 spell: Necromutation
 71190 | Hell     | Entered the Vestibule of Hell
 71190 | Hell     | Noticed Geryon
 71195 | Hell     | Noticed Murray
 71207 | Hell     | Killed Geryon
 71285 | Hell     | Gained mutation: Armour fits poorly on your strangely
                  | shaped body. [a cacodemon]
 71937 | Depths:4 | Lost mutation: Armour fits poorly on your strangely shaped
                  | body. [potion of mutation]
 71937 | Depths:4 | Gained mutation: You possess an exceptional clarity of
                  | mind. [potion of mutation]
 71937 | Depths:4 | Gained mutation: You occasionally shout uncontrollably at
                  | your foes. [potion of mutation]
 71937 | Depths:4 | Gained mutation: Your system is resistant to poisons.
                  | (rPois) [potion of mutation]
 72027 | Hell     | Killed Murray
 72166 | Depths:1 | Bought a dazzling scale mail for 252 gold pieces
 72171 | Depths:1 | Identified the +4 scale mail of Trial and Error {+Fly rN+
                  | Str+4} (You bought it in a shop on level 1 of the Depths)
 72389 | Vaults:1 | Bought 3 scrolls of enchant armour for 382 gold pieces
 72389 | Vaults:1 | Bought a scroll of enchant armour for 127 gold pieces
 72770 | Hell     | Found a gateway to the decaying netherworld of Tartarus.
 72896 | Hell     | Found a gateway to the ashen valley of Gehenna.
 73035 | Hell     | Found a gateway to the Iron City of Dis.
 73080 | Hell     | Found a gateway to the freezing wastes of Cocytus.
 73488 | Vaults:5 | Entered Level 5 of the Vaults
 73505 | Vaults:5 | Noticed an ancient lich
 73513 | Vaults:4 | Killed an ancient lich
 73513 | Vaults:4 | Reached XP level 26. HP: 169/291 MP: 15/43
 74300 | Vaults:5 | Identified the +2 scale mail "Ytzaenum" {Int+6}
 74336 | Vaults:5 | Found the +3 crown of Dyrovepreva {rElec Int+2 SInv}
 74338 | Vaults:5 | Got a transparent platinum ring
 74339 | Vaults:5 | Identified the ring "Ogitut" {rF+ rC+ MR+} (You found it on
                  | level 5 of the Vaults)
 74532 | Vaults:5 | Identified the Catalogue of Arcane Weapons and Displacement
 74534 | Vaults:5 | Identified the Collected Works on Enhancements and Cold
 74716 | Vaults:5 | Got a vibrating copper ring
 74717 | Vaults:5 | Identified the ring of Baili {+Blink rC+ AC+3 SInv} (You
                  | found it on level 5 of the Vaults)
 74910 | Vaults:5 | Identified the ring "Sebif" {rElec rC+}
 75030 | Vaults:5 | Got a silver rune of Zot
 76078 | Slime:1  | Entered Level 1 of the Pits of Slime
 77086 | Slime:5  | Entered Level 5 of the Pits of Slime
 77099 | Slime:5  | Reached XP level 27. HP: 204/302 MP: 41/44
 77955 | Slime:3  | Reached skill level 15 in Transmutations
 78419 | Slime:5  | Noticed the Royal Jelly
 78492 | Slime:5  | Killed the Royal Jelly
 78503 | Slime:4  | HP: 13/302 [acid[the Royal Jelly] (5)]
 78768 | Slime:5  | Got a slimy rune of Zot
 78829 | Slime:5  | Identified the cursed +0 ring mail "Dicoro" {rPois rF+}
                  | (You found it on level 5 of the Pits of Slime)
 79703 | Zot:1    | Entered Level 1 of the Realm of Zot
 81293 | Zot:2    | Identified the ring "Jeodesun" {*Tele +Blink} (You found it
                  | on level 2 of the Realm of Zot)
 81331 | Zot:2    | Got a twisted shield
 81332 | Zot:2    | Identified the +5 shield of Orphum {Str+8} (You acquired it
                  | on level 2 of the Realm of Zot)
 81359 | Zot:2    | Identified the +4 chain mail "Nesa" {rN++ Str-2 Stlth+}
                  | (You found it on level 2 of the Realm of Zot)
 82023 | Zot:3    | Identified the cursed -6 pair of boots of Zaesugo {-Cast
                  | Int+3 Dex+6 Stlth+} (You found it on level 3 of the Realm
                  | of Zot)
 82187 | Zot:3    | Reached skill level 10 in Dodging
 83099 | Zot:4    | Noticed an orb of fire
 83116 | Zot:4    | Killed an orb of fire
 83810 | Zot:4    | Identified the +4 dragonskin cloak
 83810 | Zot:4    | Noticed Tiamat
 83843 | Zot:4    | Killed Tiamat
 84852 | Zot:5    | Entered Level 5 of the Realm of Zot
 84884 | Zot:5    | Found a runed translucent door.
 84887 | Zot:5    | Noticed Cyqimiab's ghost (legendary MfGl)
 84910 | Zot:5    | Killed Cyqimiab's ghost
 85086 | Zot:5    | Learned a level 8 spell: Controlled Blink
 85855 | Coc:1    | Entered Level 1 of Cocytus
 86805 | Coc:1    | You fall into a shaft and drop 1 floor!
 87209 | Coc:7    | Entered Level 7 of Cocytus
 88065 | Coc:7    | Noticed Antaeus
 88080 | Coc:7    | Reached skill level 10 in Translocations
 88527 | Coc:2    | Reached skill level 10 in Armour
 89863 | Coc:7    | Killed Antaeus
 89896 | Coc:7    | Identified the Incunabulum of Aid and the Entourage
 89899 | Coc:7    | Got an icy rune of Zot
 92580 | Depths:4 | Voluntarily entered the Abyss.
 92580 | Abyss:1  | Found a corrupted altar of Lugonu.
 92921 | Abyss:1  | Found a corrupted altar of Lugonu.
 93076 | Depths:4 | Escaped the Abyss
 93078 | Depths:4 | Voluntarily entered the Abyss.
 93496 | Abyss:1  | Found a snail-covered altar of Cheibriados.
 94185 | Abyss:3  | Found a corrupted altar of Lugonu.
 94303 | Abyss:3  | Found a corrupted altar of Lugonu.
 94317 | Abyss:3  | Found a corrupted altar of Lugonu.
 94362 | Abyss:3  | Got an abyssal rune of Zot
 95009 | Abyss:3  | Found a stormy altar of Qazlal.
 95148 | Depths:4 | Escaped the Abyss
 95391 | D:12     | You showed the slimy rune of Zot to enter a treasure trove
 95392 | Trove    | Entered a treasure trove
 95395 | Trove    | Found the -2 hat of the Alchemist {rElec rPois rF+ rC+ rN+
                  | MR+ rMut rCorr}
 95396 | Trove    | Found the +2 pair of boots of the Assassin {Detection Stab+
                  | Stlth++}
 95451 | Trove    | Got a transparent shield
 95462 | Trove    | Identified the +3 shield of Distant Worlds {Str+2} (You
                  | found it in a treasure trove)
 95733 | Vaults:5 | Got a brightly glowing hat
 95749 | Vaults:5 | Identified the +1 hat of Hemesk {Str+6 Int-2} (You found it
                  | on level 5 of the Vaults)
 96086 | Tar:1    | Entered Level 1 of Tartarus
 97642 | Tar:3    | Reached skill level 27 in Fighting
 98201 | Tar:5    | Reached skill level 15 in Translocations
 98665 | Tar:7    | Entered Level 7 of Tartarus
100245 | Tar:7    | Got a sparkling amber ring
100253 | Tar:7    | Identified the ring "Xiunosm" {rC+ Slay+3 SInv Stlth+} (You
                  | found it on level 7 of Tartarus)
100294 | Tar:7    | Got a spiked ring mail
100306 | Tar:7    | Identified the +0 ring mail of Berghett {rCorr Str+3 Int+2}
                  | (You found it on level 7 of Tartarus)
100315 | Tar:7    | Got a warped ring mail
100327 | Tar:7    | Identified the +5 ring mail of Valutsye {rPois} (You found
                  | it on level 7 of Tartarus)
101464 | Tar:7    | Noticed Ereshkigal
101506 | Tar:7    | Killed Ereshkigal
101616 | Tar:7    | Got a bone rune of Zot
103300 | Geh:1    | Entered Level 1 of Gehenna
104160 | Geh:4    | You fall into a shaft and drop 2 floors!
104299 | Geh:7    | Entered Level 7 of Gehenna
105285 | Geh:7    | Identified the +7 sceptre of Asmodeus
105285 | Geh:7    | Noticed Asmodeus
105308 | Geh:7    | Killed Asmodeus
105335 | Geh:7    | Got a slimy helmet
105346 | Geh:7    | Identified the +1 helmet "Esal" {rN+} (You found it on
                  | level 7 of Gehenna)
105361 | Geh:7    | Got an obsidian rune of Zot
105619 | Pan      | Entered Pandemonium
105669 | Pan      | Reached skill level 1 in Evocations
105700 | Pan      | Noticed Lebenn the pandemonium lord
105716 | Pan      | Killed Lebenn the pandemonium lord
106019 | Pan      | Found an exit through the horrors of the Abyss.
106818 | Pan      | Found a runed translucent door.
106828 | Pan      | Found a runed translucent door.
106831 | Pan      | Found a runed translucent door.
106834 | Pan      | Found a runed translucent door.
106850 | Pan      | Noticed Naiti the pandemonium lord
106862 | Pan      | Killed Naiti the pandemonium lord
106918 | Pan      | Found an exit through the horrors of the Abyss.
107052 | Pan      | Reached skill level 5 in Evocations
107571 | Pan      | Identified the +4 scale mail "Zot Yck" {Dex+3}
107843 | Pan      | Noticed Damm the pandemonium lord
107876 | Pan      | Killed Damm the pandemonium lord
107926 | Pan      | Identified the +1 ring mail "Icuane" {*Drain +Inv rN++
                  | Int+2}
108028 | Pan      | Got a dazzling scale mail
108052 | Pan      | Identified the cursed +0 scale mail "Refyow" {MR+ rCorr
                  | Dex+5} (You found it in Pandemonium)
108778 | Pan      | Noticed Tauducib the pandemonium lord
108787 | Pan      | Killed Tauducib the pandemonium lord
108923 | Pan      | Got an encrusted crystal plate armour
108934 | Pan      | Identified the +5 crystal plate armour of the Nexus {rPois
                  | rC+ rN+ Dex-4} (You found it in Pandemonium)
109171 | Pan      | Found an exit through the horrors of the Abyss.
109452 | Pan      | Noticed Qarunwus the pandemonium lord
109459 | Pan      | Reached skill level 27 in Unarmed Combat
109768 | Pan      | Killed Qarunwus the pandemonium lord
110038 | Pan      | Got a demonic rune of Zot
110291 | Pan      | Noticed Ucetrife the pandemonium lord
110302 | Pan      | Killed Ucetrife the pandemonium lord
112069 | Pan      | Noticed Bacvoxur the pandemonium lord
112084 | Pan      | Killed Bacvoxur the pandemonium lord
112795 | Pan      | Learned a level 8 spell: Death's Door
112900 | Pan      | Noticed Othridd the pandemonium lord
112930 | Pan      | Killed Othridd the pandemonium lord
113330 | Pan      | Entered the realm of Lom Lobon.
113424 | Pan      | Found an exit through the horrors of the Abyss.
113452 | Pan      | Reached skill level 5 in Charms
114110 | Pan      | Noticed Lom Lobon
114133 | Pan      | Killed Lom Lobon
114157 | Pan      | Got a magical rune of Zot
114832 | Pan      | Found an exit through the horrors of the Abyss.
114835 | Pan      | Found a transporter.
114971 | Pan      | Found a transporter.
115115 | Pan      | Got a slimy amber ring
115117 | Pan      | Identified the ring of Timper {*Corrode MP+9 Int+3} (You
                  | found it in Pandemonium)
115130 | Pan      | Got a bound granite ring
115131 | Pan      | Identified the ring of Voabliffe {rPois MP+9 Int+2 Stlth+}
                  | (You found it in Pandemonium)
115154 | Pan      | Identified the amulet "Obusaw" {Acrobat rPois Stlth+}
115424 | Pan      | Got a spiked ring mail
115438 | Pan      | Identified the +1 ring mail of Pegaujy {rElec} (You found
                  | it in Pandemonium)
116271 | Pan      | Took an exit into the Abyss.
116271 | Abyss:1  | Escaped into the Abyss
116301 | Abyss:1  | Reached skill level 10 in Charms
116421 | Depths:4 | Escaped the Abyss
117383 | Pan      | Entered Pandemonium
117397 | Pan      | Noticed Gumpam the pandemonium lord
117411 | Pan      | Killed Gumpam the pandemonium lord
118122 | Pan      | Found an exit through the horrors of the Abyss.
118602 | Pan      | Entered the realm of Cerebov.
118742 | Pan      | Noticed Mennas
118762 | Pan      | Killed Mennas
118908 | Pan      | Identified the +6 sword of Cerebov {flame}
118908 | Pan      | Noticed Cerebov
119234 | Pan      | Killed Cerebov
119355 | Pan      | Got a sparkling tin ring
119364 | Pan      | Identified the ring "Igyagot" {rF+ rC+++ MR- Str-4} (You
                  | found it in Pandemonium)
119377 | Pan      | Identified the +1 ring mail "Poros" {rF- MR+ Dex+2} (You
                  | found it in Pandemonium)
119406 | Pan      | Got a transparent ring mail
119417 | Pan      | Identified the +2 ring mail of Irph {MR+} (You found it in
                  | Pandemonium)
119430 | Pan      | Got a warped chain mail
119441 | Pan      | Identified the +14 chain mail "Luc Heha" {rC++} (You found
                  | it in Pandemonium)
119512 | Pan      | Identified the +0 leather armour of the Manifold Songs
                  | {+Inv Stlth+} (You found it in Pandemonium)
119532 | Pan      | Got a fiery rune of Zot
120098 | Pan      | Noticed Ydghydgho the pandemonium lord
120108 | Pan      | Killed Ydghydgho the pandemonium lord
120108 | Pan      | Reached skill level 15 in Armour
120194 | Pan      | Identified the +3 large shield "Reyzid" {MR+ Str+4 Int-2
                  | Slay+3}
120736 | Pan      | Entered the realm of Mnoleg.
120736 | Pan      | Noticed Mnoleg
120744 | Pan      | Got a glowing rune of Zot
121148 | Pan      | Identified the +3 scale mail of New Discoveries {rC+}
121150 | Pan      | Noticed Ulipp the pandemonium lord
121162 | Pan      | Killed Ulipp the pandemonium lord
121298 | Pan      | Found an exit through the horrors of the Abyss.
121714 | Pan      | Found a transporter.
121747 | Pan      | Found a transporter.
121810 | Pan      | Found an exit through the horrors of the Abyss.
121847 | Pan      | Identified the Incunabulum of Poisoning and the Traveller
                  | (You acquired it in Pandemonium)
122597 | Pan      | Identified the +0 pair of boots "Zoilunod" {Str+7} (You
                  | found it in Pandemonium)
122640 | Pan      | Got a wavering wooden ring
122642 | Pan      | Identified the ring "Daur" {rCorr Str+4 Int-4 Dex+5} (You
                  | found it in Pandemonium)
122798 | Pan      | Noticed Ujiriy the pandemonium lord
122799 | Pan      | Noticed Ignacio
122813 | Pan      | Killed Ignacio
122861 | Pan      | Killed Ujiriy the pandemonium lord
123369 | Pan      | Identified the Volume of Ghastly Curses (You acquired it in
                  | Pandemonium)
123537 | Pan      | Entered the realm of Gloorx Vloq.
124029 | Pan      | Found an exit through the horrors of the Abyss.
124520 | Pan      | Noticed Gloorx Vloq
124543 | Pan      | Killed Gloorx Vloq
124582 | Pan      | Got a dark rune of Zot
124905 | Pan      | Found an exit through the horrors of the Abyss.
125447 | Pan      | Noticed Etuymnab the pandemonium lord
125458 | Pan      | Killed Etuymnab the pandemonium lord
126277 | Depths:3 | Escaped Pandemonium
126324 | Dis:1    | Entered Level 1 of the Iron City of Dis
127116 | Dis:3    | Reached skill level 27 in Spellcasting
127133 | Dis:3    | You fall into a shaft and drop 1 floor!
127162 | Dis:4    | Reached skill level 15 in Charms
127707 | Dis:6    | Learned a level 8 spell: Borgnjor's Revivification
128329 | Dis:7    | Entered Level 7 of the Iron City of Dis
129574 | Dis:7    | Got a sparkling jade ring
129575 | Dis:7    | Identified the ring of the Special Lives {rN+ Str+2 Dex+3}
                  | (You found it on level 7 of the Iron City of Dis)
129609 | Dis:7    | Learned a level 5 spell: Aura of Abjuration
129787 | Dis:7    | Reached skill level 1 in Summonings
129884 | Dis:7    | Noticed the Serpent of Hell
130191 | Dis:7    | Killed the Serpent of Hell
130437 | Dis:7    | Identified the +4 staff of Dispater
130437 | Dis:7    | Noticed Dispater
130459 | Dis:7    | Killed Dispater
130459 | Dis:7    | Reached skill level 5 in Summonings
130509 | Dis:7    | Found the macabre finger necklace {rN+}
130527 | Dis:7    | Found the +4 dagger "Morg" {pain, MR+ Int+5}
130539 | Dis:7    | Identified Ciss's Collected Works on Boosts
130543 | Dis:7    | Got an iron rune of Zot
131267 | Tomb:1   | Entered Level 1 of the Tomb of the Ancients
131493 | Tomb:1   | Noticed Sojobo
131504 | Tomb:1   | Killed Sojobo
131860 | Tomb:1   | Noticed a greater mummy
131860 | Tomb:1   | Noticed a greater mummy
131863 | Tomb:1   | Noticed a greater mummy
131877 | Tomb:1   | Killed a greater mummy
131891 | Tomb:1   | Killed a greater mummy
131904 | Tomb:1   | Killed a greater mummy
132018 | Tomb:1   | Noticed a greater mummy
132033 | Tomb:1   | Killed a greater mummy
132425 | Tomb:2   | Noticed a greater mummy
132428 | Tomb:2   | Noticed a greater mummy
132430 | Tomb:2   | Noticed a greater mummy
132453 | Tomb:2   | Killed a greater mummy
132461 | Tomb:2   | Killed a greater mummy
132469 | Tomb:2   | Killed a greater mummy
132528 | Tomb:2   | Noticed a greater mummy
132543 | Tomb:2   | Killed a greater mummy
132962 | Tomb:1   | Noticed a greater mummy
132971 | Tomb:1   | Killed a greater mummy
132971 | Tomb:1   | Noticed a greater mummy
132973 | Tomb:1   | Noticed a greater mummy
132978 | Tomb:1   | Killed a greater mummy
132979 | Tomb:1   | Noticed a greater mummy
132984 | Tomb:1   | Noticed a greater mummy
132987 | Tomb:1   | Killed a greater mummy
132990 | Tomb:1   | Noticed a greater mummy
132990 | Tomb:1   | Noticed a greater mummy
132994 | Tomb:1   | Killed a greater mummy
132995 | Tomb:1   | Noticed a greater mummy
133002 | Tomb:1   | Killed a greater mummy
133005 | Tomb:1   | Killed a greater mummy
133009 | Tomb:1   | Killed a greater mummy
133016 | Tomb:1   | Killed a greater mummy
133117 | Tomb:1   | Noticed a greater mummy
133117 | Tomb:1   | Noticed a greater mummy
133129 | Tomb:1   | Killed a greater mummy
133147 | Tomb:1   | Killed a greater mummy
133160 | Tomb:1   | Noticed a greater mummy
133173 | Tomb:1   | Killed a greater mummy
133179 | Tomb:1   | Noticed a greater mummy
133191 | Tomb:1   | Killed a greater mummy
133257 | Tomb:1   | Noticed a greater mummy
133267 | Tomb:1   | Killed a greater mummy
133317 | Tomb:1   | Noticed a greater mummy
133324 | Tomb:1   | Noticed a greater mummy
133335 | Tomb:1   | Killed a greater mummy
133343 | Tomb:1   | Killed a greater mummy
133370 | Tomb:1   | Noticed a greater mummy
133376 | Tomb:1   | Noticed a greater mummy
133386 | Tomb:1   | Killed a greater mummy
133391 | Tomb:1   | Noticed a greater mummy
133392 | Tomb:1   | Noticed a greater mummy
133398 | Tomb:1   | Killed a greater mummy
133404 | Tomb:1   | Noticed a greater mummy
133407 | Tomb:1   | Killed a greater mummy
133409 | Tomb:1   | Killed a greater mummy
133418 | Tomb:1   | Killed a greater mummy
133465 | Tomb:1   | Noticed a greater mummy
133482 | Tomb:1   | Killed a greater mummy
133490 | Tomb:1   | Noticed a greater mummy
133498 | Tomb:1   | Killed a greater mummy
133516 | Tomb:1   | Noticed a greater mummy
133520 | Tomb:1   | Noticed a greater mummy
133524 | Tomb:1   | Killed a greater mummy
133545 | Tomb:1   | Killed a greater mummy
133548 | Tomb:1   | Noticed a greater mummy
133555 | Tomb:1   | Killed a greater mummy
133560 | Tomb:1   | Noticed a greater mummy
133571 | Tomb:1   | Killed a greater mummy
133871 | Tomb:3   | Entered Level 3 of the Tomb of the Ancients
133972 | Tomb:3   | Noticed a greater mummy
133976 | Tomb:3   | Identified the cursed +0 robe of the Bull {+Blink Str+4}
133976 | Tomb:3   | Noticed a greater mummy
133994 | Tomb:3   | Killed a greater mummy
134002 | Tomb:3   | Killed a greater mummy
134044 | Tomb:3   | Noticed a greater mummy
134053 | Tomb:3   | Killed a greater mummy
134066 | Tomb:3   | Noticed a greater mummy
134082 | Tomb:3   | Killed a greater mummy
134200 | Tomb:3   | Noticed a greater mummy
134221 | Tomb:3   | Killed a greater mummy
134241 | Tomb:3   | Noticed a greater mummy
134249 | Tomb:3   | Noticed an ancient lich
134261 | Tomb:3   | Killed a greater mummy
134268 | Tomb:3   | Killed an ancient lich
134311 | Tomb:3   | Learned a level 1 spell: Apportation
134329 | Tomb:3   | Identified the -4 helmet of Xaefixzy {rC- Dex+5} (You found
                  | it on level 3 of the Tomb of the Ancients)
134400 | Tomb:3   | Noticed a greater mummy
134410 | Tomb:3   | Killed a greater mummy
134410 | Tomb:3   | Noticed a greater mummy
134425 | Tomb:3   | Killed a greater mummy
134521 | Tomb:3   | Identified the +0 ring mail "Faff" {MR- Str+6} (You found
                  | it on level 3 of the Tomb of the Ancients)
134659 | Tomb:3   | Got a golden rune of Zot
135391 | Zot:5    | Noticed an ancient lich
135394 | Zot:5    | Killed an ancient lich
135401 | Zot:5    | Noticed an ancient lich
135424 | Zot:5    | Killed an ancient lich
135461 | Zot:5    | Noticed an orb of fire
135470 | Zot:5    | Killed an orb of fire
135810 | Zot:5    | Noticed an orb of fire
135824 | Zot:5    | Killed an orb of fire
135833 | Zot:5    | Noticed an ancient lich
135842 | Zot:5    | Killed an ancient lich
135880 | Zot:5    | Noticed an ancient lich
135890 | Zot:5    | Killed an ancient lich
135898 | Zot:5    | Noticed an orb of fire
135908 | Zot:5    | Killed an orb of fire
135970 | Zot:5    | Noticed an ancient lich
135976 | Zot:5    | Killed an ancient lich
136034 | Zot:5    | Noticed an ancient lich
136038 | Zot:5    | Killed an ancient lich
136299 | Zot:5    | Got the Orb of Zot
136964 | D:9      | Noticed Carghayro the pandemonium lord
136969 | D:9      | Cast into level 4 of the Abyss (Carghayro)
136969 | Abyss:4  | Found a corrupted altar of Lugonu.
137027 | Abyss:4  | Found a corrupted altar of Lugonu.
137257 | Abyss:4  | Identified Sif Muna's Incunabulum of Enchantment and the
                  | Snowflakes
137320 | D:9      | Escaped the Abyss
137367 | D:9      | Killed Carghayro the pandemonium lord
137715 | D:$      | Escaped with the Orb!

Levels and vault maps discovered:
D:1:      minmay_arrival_three_doors, layout_loops_ring
D:2:      layout_rooms, chequers_temple_overflow_statue_of_worship,
          okawaru_ov_weapons_minmay
D:3:      layout_rooms, led_xom_imps, uniq_natasha
D:4:      layout_loops_cross, first_ration
D:5:      layout_loops_cross, gammafunk_temple_overflow_statue,
          gammafunk_ghost_hive, minivault_1
D:6:      layout_basic, corexii_shack, st_stairs_14
D:7:      layout_rooms, minmay_temple_entry_statues_pillars, enter_bailey_3
D:8:      layout_loops_ring
D:9:      layout_roguey, grunt_livestock,
          nicolae_gozag_cash_rules_everything_around_me
D:10:     layout_irregular_city, minmay_orc_entry_temple_small,
          grunt_dithmenos_smoke_and_mirrors
D:11:     layout_irregular_city, erik_lair_dragon, portal_ice_cave_rime,
          uniq_grum, uniq_harold, uniq_nergalle, uniq_fannar
D:12:     layout_layer_cave, nicolae_trove_entry_crossroad
D:13:     layout_roguey
D:14:     layout_basic, grunt_vaults_entry_tiered, serial_shops, shop
D:15:     hangedman_depths_entry_civil_slaughter, layout_loops_ring,
          gammafunk_ghost_berserking_beasts
Temple:   regret_index_temple_sphere_string
Lair:1:   beast_lair_carwin_large_1, layout_cave_pods, grunt_megastairs_2
Lair:2:   layout_roguey, st_stairs_5, uniq_sonja, uniq_gastronok
Lair:3:   layout_regular_city, serial_bayou_ford_a,
          chequers_serial_rivers_micro_a
Lair:4:   layout_long_grid, swamp_mist, minmay_snake_entry_guardpost_large,
          chequers_serial_rivers_micro_d, grunt_megastairs_3, lemuel_fruit_tree
Lair:5:   layout_misc_corridors, dpeg_slime_entry_corner,
          nicolae_volcano_entry_two_sided, uniq_josephine
Lair:6:   guppyfry_lair_end_dragon, layout_cave_shapes, wormcave,
          infiniplex_staircase_pool
Swamp:1:  layout_basic_swamp, nicolae_swamp_round_clearing, swamp_pool4,
          uniq_kirke, uniq_donald
Swamp:2:  layout_falls_marsh, ebering_ghost_disaster_area, serial_swamp_ruin,
          hangedman_swamp_ruin_wall, evilmike_swamp_ruin_wall,
          evilmike_swamp_ruin_house_5, swamp_pool1
Swamp:3:  layout_falls_marsh, evilmike_swamp_ruin_rubble_2, swamp_pool5,
          hangedman_swamp_blocks, uniq_jorgrun
Swamp:4:  swamp_alternative, layout_basic_swamp, swamp_pool5
Snake:1:  layout_onion_interference, minmay_shoptagon, serial_bayou_shore_b
Snake:2:  layout_basic, uniq_azrael, uniq_saint_roka
Snake:3:  layout_cave_town
Snake:4:  grunt_snake_rune_spirals, layout_concentric_octagons, uniq_roxanne,
          uniq_mara
Slime:1:  layout_caves
Slime:2:  layout_caves, cheibrodos_slime_lost_civilization_7
Slime:3:  layout_caves
Slime:4:  layout_caves
Slime:5
Orc:1:    layout_caves
Orc:2:    st_orc_pillars, layout_diamond_mine, basic_altar
Elf:1:    minmay_elf_arrival_plus, layout_loops_corners, minmay_elf_demonology
Elf:2:    layout_geoelf_octagon, serial_shops, nicolae_shop_overgrown_old_shop
Elf:3:    elf_hall, layout_geoelf_octagon, serial_shops, nicolae_shop_stone,
          shop, shop_statue, shop, shop, minivault_13
Vaults:1: ontoclasm_vaults_shuriken, ontoclasm_vaults_misaligned,
          nicolae_vaults_puzzle_piece, vaults_mumra_minichess_inversion,
          nicolae_vaults_puzzle_piece, nicolae_vaults_mini_display_case,
          grunt_vaults_swirl, ontoclasm_vaults_spin,
          hangedman_vaults_stretched_pinwheel, vaults_dpeg_encased_lava,
          layout_vaults_big_cross, serial_shops, nicolae_shop_behind_doors
Vaults:2: v_alt_pattern_6, ontoclasm_vaults_gateway, hangedman_vaults_trim,
          v_pattern_3, v_misc_24, v_misc_10, vaults_room_pool,
          vaults_standard_mumra_enter_the_diamond, layout_vaults_omnigrid,
          serial_shops, shop_fountains
Vaults:3: vaults_room_boxed, nicolae_vaults_alarming, v_misc_4,
          nicolae_vaults_diagonal_hallway_8, nicolae_vaults_hallways_thing,
          hangedman_vaults_hat, vaults_dpeg_spiral, v_misc_26,
          minmay_crypt_entry_skeletal_spiral, layout_vaults_chaotic_city,
          portal_desolation_entry_garden, serial_shops, shop_statue
Vaults:4: nicolae_vaults_c_with_doors, ontoclasm_vaults_ring_small, v_misc_8,
          vaults_standard_mumra_lines, ontoclasm_vaults_chip, v_alt_pattern_6,
          v_rooms_6, hangedman_vaults_maws, v_alt_pattern_6,
          hangedman_vaults_corner_blocks, nicolae_vaults_ring_of_whatevers,
          hangedman_vaults_impose, layout_vaults_omnibox, serial_shops, shop
Vaults:5
Crypt:1:  layout_regular_city
Crypt:2:  layout_chaotic_city, gammafunk_ghost_mausoleum
Crypt:3:  cryptofortress_bobbens
Tomb:1:   uniq_sojobo
Tomb:2
Tomb:3
Depths:1: layout_forbidden_donut, pf_hell_entry_tar_spiral, serial_bayou_pond_d,
          eino_curves_02, chequers_hall_statues_corner_a,
          minmay_fire_ice_demons, minmay_shop_star, firewood_loft,
          serial_bayou_shore_a, uniq_nikola
Depths:2: wad_lake_hut, layout_basic, enter_ziggurat_f, hell_entry,
          serial_sigils_hangedman_gut, marbit_kobold_abyss_entry, minivault_11,
          laboratory, infiniplex_staircase_door_maze
Depths:3: four-leaf_vault, layout_basic, pan_entry, minmay_misc_feat_columns,
          hell_entry, uniq_jory, uniq_boris
Depths:4: lemuel_troll_bridge, layout_basic, hell_entry, abyss_entry,
          minmay_misc_feat_nine_boxes, rand_demon_pan_entry_1
Depths:5: evilmike_zot_entry_castle, layout_basic, hellmouth_1, serial_sigils,
          serial_sigils_hangedman_quiver, serial_sigils_hangedman_snap,
          serial_sigils_hangedman_shear, serial_sigils_hangedman_gnaw,
          serial_sigils_hangedman_quiver, abyss_entry, uniq_margery
Hell
Dis:1:    layout_subdivisions
Dis:2:    layout_subdivisions
Dis:3:    layout_jigsaw
Dis:4:    layout_gridville
Dis:5:    layout_chaotic_city
Dis:6:    layout_overlapping_boxes
Dis:7:    dis_grunt_layers
Geh:1:    layout_gehenna_pools_basic
Geh:2:    layout_gehenna_lava_caves
Geh:3:    layout_gehenna_lava_caves
Geh:4:    layout_gehenna_pools_box, gehenna_fire_generator, grunt_megastairs_5
Geh:6:    layout_gehenna_pools_triple
Geh:7:    geh_grunt_pentagon
Coc:1:    layout_ice_bergs
Coc:2:    layout_ice_bergs
Coc:3:    layout_ice_bergs
Coc:4:    layout_cocytus_water_paths
Coc:5:    layout_ice_bergs
Coc:6:    layout_cocytus_water_paths
Coc:7:    coc_grunt
Tar:1:    layout_honeycomb
Tar:2:    layout_grid_maze
Tar:3:    layout_catacombs, hangedman_tartarus_temple_path
Tar:4:    layout_grid_maze
Tar:5:    layout_honeycomb, nicolae_tar_cuneiform_city, evilmike_ambush
          [evilmike_ambush_outer_basic, evilmike_ambush_inner_basic]
Tar:6:    layout_grid_maze
Tar:7:    tar_mu [tar_mu_maze]
Zot:1:    layout_misc_corridors, lemuel_baited_zot_trap
Zot:2:    layout_gridlike, st_small_dragon_hoard_5, zot_minivault_4
Zot:3:    layout_cathedral_of_symmetry, grunt_ministairs_14
Zot:4:    layout_gridlike, st_small_dragon_hoard_1, uniq_tiamat
Zot:5:    layout_misc_corridors, ebering_ghost_reflecting_pool

Skill      XL: |  1  2  3  4  5  6  7  8  9 10 11 12 13 14 15 16 17 18 19 20 21 22 23 24 25 26 27 |
---------------+----------------------------------------------------------------------------------+-----
Fighting       | 1 2 3 5 6 9 11 13 14 15 17 19 20 21 22 27 | 27.0
Necromancy     | 5 6 7 8 9 10 11 12 13 14 15 16 26 | 26.3
Spellcasting   | 3 4 6 7 8 9 10 11 12 13 14 15 16 17 27 | 27.0
Dodging        | 2 3 5 6 13 | 13.2
Charms         | 1 2 3 20 | 20.0
Shields        | 3 4 5 8 11 13 15 | 15.0
Unarmed Combat | 2 5 7 9 10 12 13 14 16 17 18 19 20 21 27 | 27.0
Earth Magic    | 3 5 7 8 9 10 11 12 | 12.0
Conjurations   | 2 4 5 6 |  6.0
Translocations | 4 5 7 20 | 20.0
Armour         | 1 3 5 6 7 25 | 25.5
Transmutations | 6 8 10 11 12 13 14 16 | 16.5
Evocations     | 6 |  6.0
Summonings     | 8 |  8.0
Stealth        | |  1.7

Action                   |  1- 3 |  4- 6 |  7- 9 | 10-12 | 13-15 | 16-18 | 19-21 | 22-24 | 25-27 || total
-------------------------+-------+-------+-------+-------+-------+-------+-------+-------+-------++-------
Melee: Unarmed           |     9 |       |       |   865 |  1571 |  1329 |  1513 |  1923 | 12423 || 19633
       Dagger            |    30 |   188 |   138 |    43 |       |       |       |       |       ||   399
       Quarterstaff      |       |       |   310 |   148 |       |       |       |       |       ||   458
       Staff             |       |       |       |       |     5 |       |     1 |     6 |   223 ||   235
Throw: Stone             |     1 |     1 |     3 |       |       |       |       |       |       ||     5
       Dart              |       |       |    16 |     1 |     2 |       |       |       |     7 ||    26
       Throwing net      |       |       |       |       |       |       |       |       |     1 ||     1
 Cast: Pain              |    58 |    68 |   150 |   168 |    15 |       |       |       |       ||   459
       Animate Skeleton  |     9 |    11 |     3 |    13 |     8 |       |       |       |       ||    44
       Vampiric Draining |       |     8 |    38 |    82 |     2 |       |     2 |       |       ||   132
       Animate Dead      |       |     1 |     2 |     7 |     7 |    17 |    28 |     3 |       ||    65
       Regeneration      |       |       |     6 |    73 |   152 |   136 |   105 |   142 |   112 ||   726
       Corpse Rot        |       |       |       |    17 |       |       |       |       |       ||    17
       Sublimation of Bl |       |       |       |    39 |   134 |    43 |     7 |     6 |     3 ||   232
       Borgnjor's Vile C |       |       |       |    38 |   141 |   112 |    74 |    52 |   240 ||   657
       Bolt of Draining  |       |       |       |       |    37 |    17 |    21 |    18 |    41 ||   134
       Blink             |       |       |       |       |     1 |     9 |     3 |    15 |    41 ||    69
       Dispel Undead     |       |       |       |       |     3 |    17 |     9 |    70 |    74 ||   173
       Statue Form       |       |       |       |       |       |    19 |    61 |    37 |    24 ||   141
       Passwall          |       |       |       |       |       |       |     2 |     8 |    37 ||    47
       Passage of Golubr |       |       |       |       |       |       |       |     2 |    60 ||    62
       Irradiate         |       |       |       |       |       |       |       |     1 |     6 ||     7
       Lesser Beckoning  |       |       |       |       |       |       |       |     2 |   218 ||   220
       Necromutation     |       |       |       |       |       |       |       |       |   785 ||   785
       Song of Slaying   |       |       |       |       |       |       |       |       |    10 ||    10
       Aura of Abjuratio |       |       |       |       |       |       |       |       |    41 ||    41
       Controlled Blink  |       |       |       |       |       |       |       |       |     5 ||     5
       Death's Door      |       |       |       |       |       |       |       |       |     3 ||     3
       Apportation       |       |       |       |       |       |       |       |       |     1 ||     1
Invok: Receive Corpses   |       |       |       |     3 |       |     2 |     3 |       |     1 ||     9
       Receive Necronomi |       |       |       |       |     1 |       |       |       |       ||     1
 Abil: End Transformatio |       |       |       |       |       |       |     2 |     4 |    26 ||    32
Evoke: Wand              |       |       |     3 |    24 |     1 |     5 |       |       |     6 ||    39
  Use: Scroll            |     1 |       |    10 |    10 |    20 |     2 |    14 |     7 |    46 ||   110
       Potion            |       |     3 |     1 |       |       |     1 |     3 |     2 |    14 ||    24
 Stab: Sleeping          |       |     2 |     2 |     1 |     3 |       |     3 |       |     9 ||    20
       Distracted        |       |     1 |       |     5 |     3 |    11 |     1 |     2 |    11 ||    34
       Paralysed         |       |       |    10 |    37 |     2 |       |     1 |       |       ||    50
       Confused          |       |       |       |     1 |       |     3 |       |       |       ||     4
  Eat: Chunk             |     4 |    12 |    19 |    52 |    70 |    45 |    61 |    43 |    10 ||   316
       Ration            |       |       |     2 |     4 |     6 |     7 |     1 |     4 |     8 ||    32
Armor: Robe              |     8 |       |       |       |       |       |       |       |       ||     8
       Ring mail         |    12 |    27 |       |    87 |   460 |   307 |    85 |   163 |    55 ||  1196
       Leather armour    |       |    61 |   103 |   125 |       |       |       |       |       ||   289
       Skin              |       |       |       |       |       |   249 |   515 |   342 |   269 ||  1375
       Acid dragon scale |       |       |       |       |       |       |       |       |  2027 ||  2027
       Chain mail        |       |       |       |       |       |       |       |       |  1084 ||  1084
Dodge: Dodged            |    61 |   183 |   475 |  1122 |  1147 |  1389 |  1331 |  1473 |  6964 || 14145
       Deflected         |       |       |       |    12 |    39 |   142 |    56 |    37 |   164 ||   450
Block: Buckler           |       |       |       |   263 |   404 |   455 |    73 |       |       ||  1195
       Shield            |       |       |       |       |       |       |   807 |  1124 |  9310 || 11241
       Reflection        |       |       |       |       |       |       |    41 |    40 |    26 ||   107
